 Dungeon Crawl Stone Soup version 0.32-a0-43-g058985b245 (webtiles) character file.

Game seed: 13393088036120314260

18150107 jt the Axe Maniac (level 27, 273/273 HPs)
             Began as a Hill Orc Fighter on Feb 4, 2024.
             Was a High Priest of Wu Jian.
             Escaped with the Orb
             ... and 15 runes
             ... and 6 gems on Feb 9, 2024!
             The game lasted 09:59:15 (88564 turns).

jt the Axe Maniac (Hill Orc Fighter)               Turns: 88564, Time: 09:59:16

Health: 273/273    AC: 42    Str: 32    XL:     27
Magic:  43/43      EV: 20    Int:  8    God:    Wu Jian [*****.]
Gold:   15810      SH: 34    Dex: 12    Spells: 8/58 levels left

rFire   + + .        a - +9 broad axe (elec)
rCold   + + .        s - +10 tower shield of Ignorance {rN+ Int-4}
rNeg    + + +        t - +10 pearl dragon scales
rPois   ∞            d - +2 helmet {SInv}
rElec   +            r - +2 cloak {rCorr}
rCorr   +            v - +2 pair of gloves {Str+3}
SInv    +            g - +0 pair of boots of a bazaar {rF+ rC+ rN+ Str+3}
Will    +++++        y - amulet of Vitality {RegenMP++ Regen++}
Stlth   +            V - ring of the Mage {Wiz Archmagi}
HPRegen 2.25/turn    G - ring of Wuit {rElec rF+ Will++ Str-3 Dex+2}
MPRegen 1.08/turn

%: wizardry (x1), archmagi
@: death-form, studying 7 skills
A: vile attack, torment immunity, no potions, deformed body, sturdy frame 1
0: Orb of Zot
}: 15/15 runes: decaying, serpentine, slimy, silver, golden, iron, obsidian,
icy, bone, abyssal, demonic, glowing, magical, fiery, dark
a: Siphon Essence, Begin Untransformation, Renounce Religion, Wall Jump,
Serpent's Lash, Heavenly Storm


You escaped.
You worshipped Wu Jian.
Wu Jian was extremely pleased with you.
You were an undying horror.
You visited 18 branches of the dungeon, and saw 88 of its levels.
You visited Pandemonium 3 times, and saw 14 of its levels.
You visited the Abyss 14 times.
You completed 1 ziggurat, and saw 27 of its levels.
You also visited: Gauntlet.

You collected 20235 gold pieces.
You spent 4425 gold pieces at shops.

Inventory:

Hand Weapons
 a - a +9 broad axe of electrocution (weapon)
 b - the +11 morningstar of the Many Songs {heavy, rElec Will+ Dex+3}
   (You took it off a deep elf demonologist on level 3 of the Elven Halls)

   Dex+3:     It affects your dexterity (+3).
   rElec:     It insulates you from electricity.
   Will+:     It increases your willpower.
 c - the +8 trishula "Condemnation" {holy, anguish, *Noise Fly rN+}
   (You found it on level 4 of a ziggurat)

   rN+:       It protects you from negative energy.
   Fly:       It grants you flight.
   *Noise:    It may make a loud noise when swung.
 I - the +13 sceptre of Asmodeus
   (You took it off Asmodeus on level 7 of Gehenna)

   Fire Summon: It may summon demons of flame and damnation when striking foes.
 X - the +3 Elemental Staff {ele, rElec rF+ rC+ AC+3}
   (You found it on level 5 of a ziggurat)

   AC+3:      It affects your AC (+3).
   rF+:       It protects you from fire.
   rC+:       It protects you from cold.
   rElec:     It insulates you from electricity.
Missiles
 Y - 27 curare-tipped darts (quivered)
Armour
 d - a +2 helmet of see invisible (worn)
 g - the +0 pair of boots of a bazaar (worn) {rF+ rC+ rN+ Str+3}
   (You found it on level 7 of Tartarus)

   Str+3:     It affects your strength (+3).
   rF+:       It protects you from fire.
   rC+:       It protects you from cold.
   rN+:       It protects you from negative energy.
 j - the +4 dragonskin cloak
   (You took it off Tiamat on level 1 of the Realm of Zot)

   Avatar's Aegis: It grants the wearer a chance to resist fire, cold, poison,
   electricity, acid, and negative energy.
 r - a +2 cloak of preservation (worn)
 s - the +10 tower shield of Ignorance (worn) {rN+ Int-4}
   (You found it on level 17 of a ziggurat)

   Int-4:     It affects your intelligence (-4).
   rN+:       It protects you from negative energy.
 t - +10 pearl dragon scales (worn)
 v - a +2 pair of gloves of strength (worn)
Jewellery
 l - a ring of protection from fire
 y - the amulet of Vitality (around neck) {RegenMP++ Regen++}
   (You found it on level 22 of a ziggurat)

   [amulet of magic regeneration]

   RegenMP:   It increases your rate of magic regeneration.
   Regen++:   It increases your rate of health regeneration.
 E - the ring "Ygaidese" {^Drain Will+ Str+6 Int+5}
   (You found it on level 3 of the Tomb of the Ancients)

   [ring of strength]

   Str+6:     It affects your strength (+6).
   Int+5:     It affects your intelligence (+5).
   Will+:     It increases your willpower.
   ^Drain:    It drains your maximum health when unequipped.
 G - the ring of Wuit (right hand) {rElec rF+ Will++ Str-3 Dex+2}
   (You found it on level 23 of a ziggurat)

   [ring of protection from fire]

   Str-3:     It affects your strength (-3).
   Dex+2:     It affects your dexterity (+2).
   rF+:       It protects you from fire.
   rElec:     It insulates you from electricity.
   Will++:    It greatly increases your willpower.
 J - the ring of Fosaok {rF+ rCorr Str+5 Int-5 Dex-2}
   (You found it on level 5 of the Vaults)

   [ring of protection from fire]

   Str+5:     It affects your strength (+5).
   Int-5:     It affects your intelligence (-5).
   Dex-2:     It affects your dexterity (-2).
   rF+:       It protects you from fire.
   rCorr:     It protects you from acid and corrosion.
 V - the ring of the Mage (left hand) {Wiz Archmagi}
   (You found it on level 5 of a ziggurat)

   [ring of wizardry]

   Wiz:       It improves your spell success rate.
   Archmagi:  It increases the power of your magical spells.
 W - the ring of Wevema {rElec rC+ Will+ Str+6 Dex+3}
   (You acquired it on level 1 of the Realm of Zot)

   [ring of strength]

   Str+6:     It affects your strength (+6).
   Dex+3:     It affects your dexterity (+3).
   rC+:       It protects you from cold.
   rElec:     It insulates you from electricity.
   Will+:     It increases your willpower.
 Z - the amulet "Jusutoet" {+Blink rN+ Regen+ MP+9}
   (You found it on level 20 of a ziggurat)

   [amulet of regeneration]

   rN+:       It protects you from negative energy.
   MP+9:      It affects your magic capacity (+9).
   +Blink:    It lets you blink.
   Regen+:    It increases your rate of health regeneration.
Talismans
 e - a granite talisman
 F - a talisman of death (active)
Wands
 k - a wand of charming (147)
 o - a wand of digging (33)
 w - a wand of flame (8)
 A - a wand of light (88)
 N - a wand of iceblast (103)
Scrolls
 f - 11 scrolls of vulnerability
 m - 8 scrolls of blinking
 p - 4 scrolls of summoning
 C - 9 scrolls of fear
 H - 21 scrolls of fog
 K - 8 scrolls of revelation
 L - 9 scrolls of immolation
 Q - 44 scrolls of teleportation
 S - 6 scrolls of silence
Potions
 h - 14 potions of cancellation
 i - 31 potions of curing
 n - 2 potions of resistance
 z - 22 potions of heal wounds
 B - 24 potions of mutation
 O - 4 potions of haste
 P - 8 potions of might
 R - 8 potions of berserk rage
Miscellaneous
 q - the horn of Geryon
 u - a lightning rod (4/4)
 x - a tin of tremorstones (2/2)
 D - a sack of spiders (inert)
 M - a phantom mirror
 T - 2 +1 figurines of a ziggurat
 U - a phial of floods


   Skills:
 O Level 27 Fighting
 O Level 27 Axes
 - Level 7.6(16.9) Maces & Flails
 - Level 8.5(17.3) Polearms
 O Level 27 Armour
 + Level 21.1 Dodging
 - Level 7.0 Stealth
 O Level 27 Shields
 - Level 16.0 Spellcasting
 - Level 22.0 Conjurations
 - Level 10.0 Summonings
 - Level 15.4 Translocations
 - Level 26.0 Fire Magic
 - Level 8.0 Air Magic
 - Level 7.0 Earth Magic
 - Level 18.1 Evocations
 - Level 23.0 Shapeshifting


You had 8 spell levels left.
You knew the following spells:

 Your Spells              Type           Power      Damage    Failure   Level
a - Apportation           Tloc           92%        N/A       0%          1
b - Passwall              Erth           26%        N/A       1%          3
c - Manifold Assault      Tloc           46%        N/A       1%          4
d - Iskenderun's Mystic   Conj/Tloc      53%        2d11      1%          4
e - Dispersal             Tloc           23%        N/A       1%          6
f - Blink                 Tloc           92%        N/A       1%          2
g - Passage of Golubria   Tloc           46%        N/A       1%          4
h - Vhi's Electric Charg  Tloc/Air       74%        N/A       1%          4
i - Lesser Beckoning      Tloc           92%        N/A       1%          2
j - Ignition              Fire           32%        3d10      1%          8
k - Arcjolt               Conj/Air       22%        1d32      1%          5
l - Spellforged Servitor  Conj/Summ      24%        N/A       5%          7

Your spell library contained the following spells:

 Spells                   Type           Power      Damage    Failure   Level
 Magic Dart               Conj           100%       1d8       0%          1
 Shock                    Conj/Air       100%       1d9       0%          1
 Scorch                   Fire           100%       2d9       0%          2
 Searing Ray              Conj           100%       2d8       0%          2
 Volatile Blastmotes      Fire/Tloc      100%       2d18      0%          3
 Flame Wave               Conj/Fire      61%        2d14      0%          4
 Fireball                 Conj/Fire      30%        3d13      0%          5
 Kiss of Death            Conj/Necr      100%       2d13      1%          1
 Sandblast                Erth           52%        2d12      1%          1
 Sting                    Conj/Alch      100%       1d9       1%          1
 Summon Small Mammal      Summ           100%       N/A       1%          1
 Call Imp                 Summ           66%        N/A       1%          2
 Mercury Vapours          Alch/Air       38%        N/A       1%          2
 Static Discharge         Conj/Air       90%        3-7/arc   1%          2
 Call Canine Familiar     Summ           33%        N/A       1%          3
 Dazzling Flash           Conj/Hex       72%        N/A       1%          3
 Gell's Gravitas          Tloc           46%        N/A       1%          3
 Hailstorm                Conj/Ice       36%        3d9       1%          3
 Inner Flame              Hex/Fire       40%        N/A       1%          3
 Mephitic Cloud           Conj/Alch/Air  33%        N/A       1%          3
 Stone Arrow              Conj/Erth      88%        3d12      1%          3
 Summon Ice Beast         Ice/Summ       21%        N/A       1%          3
 Swiftness                Air            28%        N/A       1%          3
 Teleport Other           Tloc           46%        N/A       1%          3
 Airstrike                Air            14%        2d(2-18)  1%          4
 Animate Armour           Summ/Erth      60%        N/A       1%          4
 Brom's Barrelling Bould  Conj/Erth      44%        2d6       1%          4
 Dimensional Bullseye     Hex/Tloc       14%        N/A       1%          4
 Fulminant Prism          Conj/Alch      18%        3d11      1%          4
 Ignite Poison            Fire/Alch      40%        N/A       1%          4
 Sticky Flame             Fire/Alch      40%        2d8       1%          4
 Summon Blazeheart Golem  Fire/Summ      52%        N/A       1%          4
 Summon Lightning Spire   Summ/Air       31%        N/A       1%          4
 Freezing Cloud           Conj/Ice/Air   16%        6-21      1%          5
 Iskenderun's Battlesphe  Conj           58%        2d11      1%          5
 Summon Forest            Summ/Tloc      20%        N/A       1%          5
 Bombard                  Conj/Erth      22%        9d4       1%          6
 Conjure Ball Lightning   Conj/Air       22%        3x3d6     1%          6
 Plasma Beam              Fire/Air       25%        2x1d37    1%          6
 Starburst                Conj/Fire      30%        6d9       1%          6
 Orb of Destruction       Conj           29%        9d9       1%          7
 Cigotuvi's Dreadful Rot  Necr/Alch/Air  32%        N/A       2%          2
 Freeze                   Ice            36%        1d5       4%          1
 Necrotise                Necr           36%        1d5       4%          1
 Slow                     Hex            36%        N/A       4%          1
 Ensorcelled Hibernation  Hex/Ice        18%        N/A       6%          2
 Sublimation of Blood     Necr           9%         N/A       6%          2
 Martyr's Knell           Necr/Summ      21%        N/A       6%          4
 Lee's Rapid Deconstruct  Erth           13%        3d9*      7%          5
 Leda's Liquefaction      Alch/Erth      9%         N/A       11%         4
 Petrify                  Alch/Erth      18%        N/A       11%         4
 Summon Cactus Giant      Summ           16%        N/A       11%         6
 Confusing Touch          Hex            9%         N/A       13%         3
 Frozen Ramparts          Ice            18%        1d3       13%         3
 Fugue of the Fallen      Necr           9%         N/A       13%         3
 Ozocubu's Armour         Ice            9%         N/A       13%         3
 Sigil of Binding         Hex            9%         N/A       13%         3
 Tukima's Dance           Hex            9%         N/A       13%         3
 Vampiric Draining        Necr           9%         2d6       13%         3
 Summon Mana Viper        Hex/Summ       21%        N/A       16%         5
 Malign Gateway           Summ/Tloc      20%        N/A       19%         7
 Silence                  Hex/Air        9%         N/A       22%         5
 Borgnjor's Vile Clutch   Necr/Erth      9%         N/A       26%         5
 Anguish                  Hex/Necr       4%         N/A       38%         4
 Animate Dead             Necr           9%         N/A       38%         4
 Cause Fear               Hex            4%         N/A       38%         4
 Dispel Undead            Necr           9%         3d8       38%         4
 Olgreb's Toxic Radiance  Alch           9%         N/A       38%         4
 Disjunction              Tloc           23%        N/A       43%         8
 Monstrous Menagerie      Summ           16%        N/A       50%         7
 Summon Hydra             Summ           16%        N/A       50%         7
 Lehudib's Crystal Spear  Conj/Erth      22%        10d6      56%         8
 Alistair's Intoxication  Alch           6%         N/A       71%         5
 Curse of Agony           Necr           9%         N/A       71%         5
 Metabolic Englaciation   Hex/Ice        4%         N/A       71%         5
 Haunt                    Necr/Summ      10%        N/A       98%         7
 Death Channel            Necr           4%         N/A       99%         6
 Eringya's Noxious Bog    Alch           4%         4d6       99%         6
 Sculpt Simulacrum        Ice/Alch       4%         N/A       99%         6
 Ozocubu's Refrigeration  Ice            4%         4d8       100%        7
 Borgnjor's Revivificati  Necr           4%         N/A       100%        8
 Discord                  Hex            4%         N/A       100%        8
 Infestation              Necr           4%         N/A       100%        8
 Maxwell's Capacitive Co  Air            14%        ∞         100%        8
 Chain Lightning          Conj/Air       22%        3d30      100%        9
 Death's Door             Necr           4%         N/A       100%        9
 Dragon's Call            Summ           16%        N/A       100%        9
 Polar Vortex             Ice            4%         N/A       100%        9
 Shatter                  Erth           13%        3d13*     100%        9


Dungeon Overview and Level Annotations

Branches:
Dungeon (15/15)            Temple (1/1) D:7            Lair (5/5) D:10
  Swamp (4/4) Lair:2        Snake (4/4) Lair:3        Slime (5/5) Lair:5
    Orc (2/2) D:9             Elf (3/3) Orc:2        Vaults (5/5) D:13
  Crypt (3/3) Vaults:3       Tomb (3/3) Crypt:3      Depths (4/4) D:15
   Hell (visited)             Dis (7/7) Hell            Geh (7/7) Hell
    Coc (7/7) Hell            Tar (7/7) Hell            Zot (5/5) Depths:4
Gauntlet (visited)

Altars:
Ashenzari
Cheibriados
Dithmenos
Elyvilon
Fedhas
Gozag
Hepliaklqana
Kikubaaqudgha
Makhleb
Nemelex Xobeh
Okawaru
Qazlal
Ru
Sif Muna
Trog
Uskayaw
Vehumet
Wu Jian
Xom
Yredelemnul
Zin
The Shining One
Beogh
Jiyva

Shops:
D:3 [   D:4 (((   D:12 (   Orc:1 ?   Orc:2 (=*[   Elf:2 :   Snake:3 [[
Vaults:2 [=!   Vaults:3 ?   Depths:1 *   Depths:4 *

Portals:
Hell: Depths:1 Depths:2 Depths:3 Depths:4
Abyss: Depths:1 Depths:2 Depths:3 Depths:4
Pandemonium: Depths:2 Depths:3

Annotations:
Elf:2 3 runed translucent doors


Innate Abilities, Weirdness & Mutations

You are an undying horror.
Your melee and unarmed attacks drain, slow and weaken victims.
You are immune to unholy pain and torment.
You cannot drink.
You are immune to poison.
Armour fits poorly on your strangely shaped body.
Your movements are slightly less encumbered by armour. (ER -2)


Message History

You slice the hell beast!!
The hell beast decays.
Lightning courses through the hell beast!
The hell beast is heavily wounded.
You slash the hell beast!
The hell beast decays.
The hell beast is heavily wounded.
You block the hell beast's attack. x2
You hit the hell beast but do no damage.
The hell beast is heavily wounded.
You block the hell beast's attack. x2
You hit the hell beast.
The hell beast decays.
The hell beast is severely wounded.
You slice the hell beast!!
The hell beast decays.
The hell beast is almost dead.
You block the hell beast's attack. x2
You barely miss the hell beast.
The hell beast is almost dead.
You block the hell beast's attack. x2
You hit the hell beast.
The hell beast decays.
The hell beast is almost dead.
You open the hell beast like a pillowcase!!!
You kill the hell beast!
The Council accepts your kill.
What level of the Dungeon? (default 1, ? - help)
There is a stone staircase leading up here.
You climb upwards.
There is a stone staircase leading down here.
There is a stone staircase leading up here.
You climb upwards.
There is a stone staircase leading down here.
There is a stone staircase leading up here.
You climb upwards.
There is a stone staircase leading down here.
There is a stone staircase leading up here.
You climb upwards.
There is a stone staircase leading down here.
You open the door.
There is an open door here.
There is a dry fountain here.
There is a staircase leading out of the dungeon here.
You have escaped!

#.##########.###+# #.#..#.......
#.### #....#.###.## #.###########
....# #.##.#.##...# #............
....# #.#.....#...# #############
....# #.#.....#...# #... ....#
#......##...## #.## ....#
########..⌠..##### #.#. ....#
####.............##### #.#.
....###.'.....⌠.z.⌠.....'..###.#.
....##..##.............###.....#.
...†##.#######..⌠..##### #####.#.
........# ##...## #.#. ....###.#
#...# #.#. ##### #.# #...# #.#. #
#.# #...# #.#. #######.# ##.##
#... .....##.# #'# ####


There were no monsters in sight!

Vanquished Creatures
  Antaeus (Coc:7)
  Asmodeus (Geh:7)
  Ereshkigal (Tar:7)
  Mnoleg (Pan)
  Gloorx Vloq (Pan)
  2 seraphim
  30 pandemonium lords
  the Serpent of Hell (Dis:7)
  Lom Lobon (Pan)
  12 dread liches
  13 ancient liches
  Dispater (Dis:7)
  3 orbs of fire (Zot:5)
  Tiamat (Zot:1)
  Xtahua (Vaults:2)
  2 juggernauts
  32 royal mummies
  Vv (Zot:1)
  24 shard shrikes
  12 Killer Klowns
  9 caustic shrikes
  A curse toe (Zot:4)
  The ghost of Wyquac the Earth Mage, an adept OpEE of Vehumet (Crypt:1)
  the Enchantress (Depths:3)
  Geryon (Hell)
  27 profane servitors
  18 bone dragons
  4 golden dragons
  7 doom hounds
  14 Brimstone Fiends
  16 pearl dragons
  27 Tzitzimimeh
  6 iron giants
  A shard shrike zombie (Crypt:3)
  2 electric golems (Zot:5)
  11 tentacled monstrosities
  12 hellephants
  47 Ice Fiends
  20 Hell Sentinels
  Zenata (Vaults:4)
  15 liches
  A spectral shard shrike (Tar:6)
  A quicksilver dragon (shapeshifter) (Zig:22)
  22 titans
  25 Orb Guardians
  27 tainted leviathans
  22 acid blobs
  7 deep elf master archers
  6 deep elf blademasters
  25 searing wretches
  A quicksilver dragon (Zig:6)
  28 tentacled starspawn
  10 sphinxes
  A sphinx (shapeshifter) (Zig:22)
  3 death cobs
  2 tengu reavers
  25 ancient champions
  27 Executioners
  A thorn hunter (Swamp:4)
  Aizul (Snake:1)
  8 revenants
  26 narguns
  6 rockslimes
  Kirke (D:13)
  2 fenstrider witches (shapeshifter)
  9 shadow dragons
  5 storm dragons
  8 draconian monks
  27 daevas
  3 fenstrider witches
  12 azure jellies
  5 draconian knights
  27 fire giants
  9 protean progenitors
  7 frost giants
  13 demonspawn warmongers
  3 quicksilver elementals
  14 nagarajas
  5 draconian shifters
  4 spectral caustic shrikes
  6 deep elf sorcerers
  20 vault wardens
  7 emperor scorpions
  43 angels
  A caustic shrike zombie (Crypt:3)
  51 balrugs
  3 spectral juggernauts
  An iron dragon (Hell)
  A juggernaut zombie (Abyss:3)
  19 ghost moths
  3 draconian scorchers
  8 deep elf elementalists
  8 shard shrike simulacra
  8 curse skulls
  15 demonspawn blood saints
  10 ghouls
  3 juggernaut skeletons (Pan)
  28 cacodemons
  7 spriggan defenders
  28 stone giants
  2 draconian stormcallers
  6 quicksilver oozes
  33 reapers
  13 draconian annihilators
  13 orc warlords
  22 ironbound preservers
  12 demonspawn corrupters
  A formless jellyfish (shapeshifter) (Zig:18)
  19 very ugly things
  36 ophanim
  4 broodmothers
  9 formless jellyfish
  9 caustic shrike skeletons
  7 ironbound thunderhulks
  A stone giant (shapeshifter) (Zig:22)
  A starflower (Abyss:3)
  10 vampire knights
  3 eleionomae
  10 deep elf demonologists
  19 elemental wellsprings
  11 green draconians
  12 bennus
  14 deep elf death magi
  10 dire elephants
  31 putrid mouths
  7 black draconians
  10 purple draconians
  19 demonspawn black suns
  39 apis
  A spectral titan (Tar:1)
  9 white draconians
  11 red draconians
  5 spark wasps
  26 deep elf annihilators
  9 yellow draconians
  28 wendigos
  15 lorocyprocas
  6 bunyips
  A minotaur (Gauntlet)
  26 war gargoyles
  The ghost of DEFE the Eclecticist, a journeyman DjWn of Gozag (D:11)
  18 green deaths
  8 eidola
  7 ettins
  11 iron golems
  3 spectral quicksilver dragons
  Josephine (Orc:1)
  18 blizzard demons
  A merfolk impaler (Depths:2)
  5 crystal guardians
  3 entropy weavers
  3 merfolk javelineers
  3 spectral spriggans
  3 shambling mangroves
  23 mummy priests
  14 deep elf high priests
  13 yaktaur captains
  2 entropy weavers (shapeshifter)
  11 great orbs of eyes
  9 jiangshi
  A spectral iron giant (Tar:3)
  4 fire dragons
  27 hydras
  10 salamander tyrants
  Fannar (Lair:3)
  7 caustic shrike simulacra
  32 vault guards
  6 alligators
  2 quicksilver dragon skeletons
  A spectral kraken (Tar:7)
  3 ogre magi
  8 spriggan air magi
  13 rakshasas
  22 anacondas
  13 ironbound frosthearts
  3 radroaches
  An alligator snapping turtle (shapeshifter) (Zig:22)
  7 juggernaut simulacra
  2 peacekeepers (Vaults:4)
  13 centaur warriors
  9 ice dragons
  4 jorogumos
  19 stokers
  A ghost crab (Abyss:3)
  3 hell beasts
  11 tengu warriors
  A death knight (Crypt:1)
  14 two-headed ogres
  A spectral stone giant (Tar:1)
  3 catoblepae
  10 death yaks
  An alligator (shapeshifter) (Depths:2)
  6 boulder beetles
  A satyr (shapeshifter) (Zig:22)
  20 death scarabs
  The ghost of Mll the Fighter, a journeyman GrFi (D:9)
  An alligator snapping turtle (Zig:17)
  29 dancing weapons
  12 naga warriors
  3 merfolk aquamancers
  8 demonic crawlers
  7 deep troll shamans
  6 deep troll earth magi
  21 orc high priests
  A titan zombie (Abyss:3)
  28 thrashing horrors
  12 vampire magi
  5 occultists
  9 spriggan berserkers
  27 hell hogs
  Urug (D:10)
  9 shock serpents
  19 naga sharpshooters
  Nergalle (Lair:3)
  A spectral dire elephant (Tar:3)
  60 sun demons
  26 soul eaters
  3 hellephant skeletons (Pan)
  7 crystal echidnas
  16 hell knights
  15 deep elf knights
  2 titan skeletons
  26 wretched stars
  53 spriggans
  7 goliath frogs
  25 sixfirhies
  An iron troll (shapeshifter) (Zig:18)
  27 skeletal warriors
  9 iron trolls
  A sea snake (shapeshifter) (Zig:18)
  A spectral catoblepas (Tar:1)
  3 salamander mystics
  6 shadow wraiths
  13 skysharks
  A spectral bunyip (Tar:2)
  A golden dragon zombie (Crypt:3)
  6 spatial maelstroms
  70 large abominations
  4 quicksilver dragon simulacra
  11 naga ritualists
  An orb spider (Zig:13)
  A sea snake (Zig:17)
  11 glowing orange brains
  11 spriggan druids
  2 sun moths (shapeshifter)
  25 cherubim
  A glowing orange brain (shapeshifter) (Vaults:5)
  12 shadow demons
  48 deep trolls
  4 arcanists
  6 bog bodies
  23 mana vipers
  A steelbarb worm (shapeshifter) (Zig:22)
  A deep troll (shapeshifter) (Zig:22)
  8 swamp dragons
  An orb spider (shapeshifter) (Zig:22)
  3 spectral hydras
  A mana viper (shapeshifter) (Vaults:5)
  19 ironbound convokers
  6 flayed ghosts
  17 phantasmal warriors
  An anaconda zombie (Crypt:1)
  6 sun moths
  12 deep elf archers
  7 lindwurms
  7 orc knights
  6 spriggan simulacra
  3 obsidian statues (Zig:19)
  15 necromancers
  A goliath frog zombie (Crypt:2)
  2 steelbarb worms
  Pikel (D:6)
  A fenstrider witch simulacrum (Coc:1)
  2 cyclopes (shapeshifter) (Zig:18)
  46 ugly things
  34 deep elf pyromancers
  6 shining eyes
  A shadow dragon skeleton (Hell)
  3 wolf spiders
  A harpy (Vaults:3)
  An oklob plant (Gauntlet)
  A faun (Zig:9)
  4 manticores
  A spectral ettin (Tar:1)
  11 orc sorcerers
  16 salamanders
  5 will-o-the-wisps
  9 worldbinders
  23 deep elf zephyrmancers
  An eleionoma zombie (Crypt:2)
  7 cyclopes
  13 elephants
  50 black mambas
  An alligator skeleton (Crypt:1)
  2 spectral centaurs
  4 kobold blastminers
  14 apocalypse crabs
  17 naga magi
  2 dire elephant zombies
  24 moths of wrath
  4 eyes of devastation
  46 smoke demons
  An elephant (shapeshifter) (Zig:22)
  A centaur zombie (Tomb:3)
  10 rust devils
  4 ice statues
  A stone giant skeleton (Tomb:1)
  20 vault sentinels
  2 eleionoma skeletons
  9 titan simulacra
  14 guardian serpents
  21 orange demons
  A gargoyle (D:12)
  38 hellions
  10 torpor snails
  19 cane toads
  A dire elephant skeleton (Crypt:3)
  An alligator snapping turtle zombie (Tomb:2)
  2 water nymphs (Zig:17)
  11 spectral swamp worms (Tar:7)
  A komodo dragon (shapeshifter) (Zig:18)
  2 unseen horrors
  12 komodo dragons
  Jeremiah (D:6)
  5 rime drakes
  48 yaktaurs
  A pale draconian zombie (Crypt:1)
  The ghost of Mll the Shield-Bearer, a novice GrFi (D:5)
  11 anaconda simulacra
  A golden dragon simulacrum (Coc:7)
  33 guardian mummies
  5 ice devils
  34 tormentors
  16 freezing wraiths
  2 spectral glowing shapeshifters (Zig:12)
  A spectral naga (Tar:2)
  4 tengu conjurers
  A spectral harpy (Tar:7)
  28 ancient zymes
  A yaktaur (shapeshifter) (Zig:22)
  A green draconian skeleton (Crypt:2)
  4 spriggan skeletons
  11 efreet
  3 iron giant simulacra
  An unseen horror skeleton (Crypt:2)
  13 tyrant leeches
  2 harpy zombies
  5 red devils
  3 polar bears
  A queen bee (shapeshifter) (Zig:24)
  17 trolls
  Grinder (D:6)
  9 hellwings
  6 harpy skeletons
  A shadow dragon simulacrum (Coc:1)
  15 wind drakes (Pan)
  23 blink frogs
  2 glass eyes (Slime:5)
  A radroach zombie (Crypt:1)
  29 hornets
  2 tarantellas
  A tarantella zombie (Crypt:2)
  108 slime creatures
  18 dream sheep
  A frost giant simulacrum (Depths:2)
  4 stone giant simulacra
  42 raiju
  2 snapping turtles
  A draconian simulacrum (Tomb:3)
  A jumping spider (Vaults:2)
  A fire dragon zombie (Crypt:3)
  3 iron dragon simulacra
  3 shadows
  7 air elementals
  6 dire elephant simulacra
  2 culicivoras
  2 naga simulacra
  2 spriggans (shapeshifter)
  Sigmund (D:6)
  A fire bat (Abyss:3)
  4 hogs (D:13)
  2 vampires
  13 wraiths
  46 yaks
  37 ynoxinuls
  10 fire elementals
  36 neqoxecs
  3 water elementals
  A satyr skeleton (Crypt:2)
  5 basilisks
  A black mamba skeleton (Tomb:1)
  A redback (Zig:13)
  83 starcursed masses
  4 wyverns
  5 wargs
  2 alligator snapping turtle simulacra (Coc:3)
  4 steam dragons
  30 ushabtiu
  13 golden eyes
  28 chaos spawn
  18 vampire mosquitoes
  A naga zombie (Tomb:1)
  Menkaure (D:5)
  37 nagas
  19 swamp worms
  5 acid dragons
  29 small abominations
  A swamp worm (shapeshifter) (Zig:22)
  15 harpy simulacra
  2 hydra simulacra
  20 water moccasins
  A culicivora (shapeshifter) (Depths:2)
  4 hell hounds
  A two-headed ogre skeleton (Crypt:1)
  3 naga skeletons
  11 swamp drakes
  A merfolk skeleton (Crypt:1)
  52 orc warriors
  A sky beast (D:7)
  2 ice beasts
  6 black bears
  35 laughing skulls
  9 ettin simulacra
  16 ogres
  An ogre (shapeshifter) (Depths:4)
  3 boggarts (Abyss:3)
  16 wolves
  7 centaurs
  A phantom (D:5)
  3 weeping skulls (Abyss:3)
  9 kobold brigands
  14 bullfrogs
  A brain worm (shapeshifter) (D:15)
  4 brain worms
  2 gnoll sergeants
  8 necrophages
  4 scorpions (D:5)
  A bullfrog (shapeshifter) (Vaults:5)
  An elf skeleton (Crypt:2)
  5 earth elementals
  11 wights
  A yak zombie (Crypt:1)
  13 killer bees
  An electric eel (Lair:3)
  2 howler monkeys
  5 crimson imps (Abyss:3)
  5 quasits (Abyss:3)
  A gnoll bouda (D:7)
  4 hounds
  5 jellies
  32 orc priests
  6 iron imps (Abyss:3)
  Jessica (D:2)
  6 iguanas
  38 orc wizards
  A hell rat (Zig:16)
  53 mummies
  A hound zombie (Crypt:1)
  A howler monkey skeleton (Crypt:2)
  8 adders
  18 gnolls
  A swamp drake skeleton (Crypt:1)
  8 white imps
  10 ufetubi
  5 dart slugs
  109 orcs
  5 bats
  10 endoplasms
  3 giant cockroaches
  16 goblins
  8 hobgoblins
  14 jackals
  2 quokkas
  7 ball pythons
  5 frilled lizards
  13 kobolds
  4 rats
  5 aspiring fleshes
  A ball lightning (Pan)
  3 creeping infernos
  9 fire vortices
  A lurking horror (Abyss:3)
  36 starspawn tentacles
5162 creatures vanquished.

Vanquished Creatures (collateral kills)
  the Royal Jelly (Slime:5)
  An acid blob (Slime:5)
  2 azure jellies (Slime:5)
  A demonspawn warmonger (Depths:4)
  A rockslime (Slime:5)
  An angel (D:11)
  An ironbound preserver (Vaults:2)
  A demonspawn corrupter (Depths:4)
  A shadow demon (Depths:4)
  An ironbound convoker (Vaults:2)
  A large abomination (Pan)
  A chaos spawn (Pan)
13 creatures vanquished.

Vanquished Creatures (others)
  Cerebov (Pan)
  A Killer Klown (Zot:4)
  4 Brimstone Fiends
  2 pandemonium lords
  A deep elf blademaster (Zig:24)
  A searing wretch (Geh:7)
  An Executioner (Abyss:3)
  An eldritch tentacle (Zig:18)
  A fenstrider witch (shapeshifter) (Zig:18)
  A storm dragon (Pan)
  2 protean progenitors
  3 fire giants
  A balrug (Geh:7)
  2 demonspawn blood saints
  3 elemental wellsprings
  A starflower (Abyss:3)
  A wendigo (Coc:5)
  3 blizzard demons
  A juggernaut simulacrum (Coc:1)
  2 hell hogs (Geh:2)
  A deep elf knight (Elf:2)
  A soul eater (Zig:25)
  A quicksilver dragon simulacrum (Coc:5)
  A deep troll (shapeshifter) (Zig:18)
  A large abomination (Zig:19)
  3 deep elf pyromancers
  A deep elf zephyrmancer (Elf:2)
  A shining eye (shapeshifter) (Zig:18)
  A cyclops (shapeshifter) (Zig:18)
  A moth of wrath (Zot:4)
  A hellion (Geh:2)
  An ancient zyme (Abyss:3)
  3 tormentors
  A hellwing (Pan)
  A bloated husk (Abyss:3)
  A wind drake (Pan)
  2 shadow dragon simulacra (Coc:1)
  An air elemental (Zig:24)
  A raiju (Abyss:3)
  A stone giant simulacrum (Coc:4)
  A snapping turtle (Zig:18)
  A neqoxec (Zig:23)
  3 chaos spawn
  A redback (shapeshifter) (Zig:18)
  A harpy simulacrum (Coc:5)
  2 ettin simulacra
  A gnoll sergeant (D:12)
  2 naga simulacra
  3 orc wizards
  An orc (D:6)
  An aspiring flesh (Zig:18)
  2 ball lightnings (Pan)
  A creeping inferno (Geh:2)
  2 fire vortices (Pan)
  24 foxfires
  40 starspawn tentacles
  8 tentacles (Tar:7)
152 creatures vanquished.

Grand Total: 5327 creatures vanquished

Notes
Turn   | Place    | Note
-------+----------+-------------------------------------------
     0 | D:1      | jt the Hill Orc Fighter began the quest for the Orb.
     0 | D:1      | Reached XP level 1. HP: 19/19 MP: 1/1
   155 | D:1      | Reached XP level 2. HP: 27/27 MP: 2/2
   526 | D:1      | Reached XP level 3. HP: 32/33 MP: 3/3
   890 | D:2      | Noticed Jessica
   897 | D:2      | Killed Jessica
   898 | D:2      | Reached XP level 4. HP: 40/40 MP: 4/4
  1270 | D:2      | Found a faded altar of an unknown god.
  1690 | D:3      | Reached skill level 5 in Axes
  1695 | D:3      | Reached XP level 5. HP: 33/47 MP: 5/5
  1772 | D:3      | Identified the +8 whip of Bodily Humours {elec, Str+3 Int+2
                  | Dex+3}
  1949 | D:3      | Found Ideutzesko's Antique Armour Emporium.
  2196 | D:4      | Noticed an ogre
  2229 | D:4      | Found Adyerhig's Weapon Emporium.
  2229 | D:4      | Found Vytifru's Antique Weapon Emporium.
  2229 | D:4      | Found Qoudd's Antique Weapon Emporium.
  2272 | D:4      | Noticed a black bear
  2281 | D:4      | Killed a black bear
  2282 | D:4      | Reached skill level 5 in Fighting
  2282 | D:4      | Reached XP level 6. HP: 50/56 MP: 6/6
  2417 | D:4      | Found an ornate altar of the Wu Jian Council.
  2430 | D:4      | Became a worshipper of the Wu Jian Council
  2618 | D:4      | Reached skill level 5 in Shields
  2876 | D:4      | Noticed a black bear
  2882 | D:4      | Killed a black bear
  2883 | D:4      | Reached XP level 7. HP: 56/63 MP: 7/7
  3327 | D:5      | Entered Level 5 of the Dungeon
  3347 | D:5      | Found a transporter.
  3363 | D:5      | Noticed Mll's ghost (novice GrFi)
  3431 | D:5      | Found a transporter.
  3554 | D:5      | Reached XP level 8. HP: 60/71 MP: 8/8
  4089 | D:5      | Reached * piety under Wu Jian
  4268 | D:5      | Noticed Menkaure
  4270 | D:5      | Killed Menkaure
  4352 | D:6      | Found a glowing silver altar of Zin.
  4390 | D:6      | Noticed Grinder
  4393 | D:6      | Gained mutation: Your movements are slightly less
                  | encumbered by armour. (ER -2) [potion of mutation]
  4397 | D:6      | Noticed Jeremiah
  4450 | D:6      | Killed Jeremiah
  4451 | D:6      | Reached skill level 1 in Evocations
  4451 | D:6      | Reached XP level 9. HP: 51/81 MP: 9/9
  4627 | D:7      | Reached skill level 5 in Armour
  4663 | D:7      | Found a staircase to the Ecumenical Temple.
  4672 | Temple   | Entered the Ecumenical Temple
  5281 | D:8      | Reached ** piety under Wu Jian
  5311 | D:8      | Reached skill level 10 in Axes
  5385 | D:8      | Found a blossoming altar of Fedhas.
  5615 | D:8      | Found an iron altar of Okawaru.
  5959 | D:8      | Reached XP level 10. HP: 53/91 MP: 10/10
  6638 | D:9      | Reached skill level 10 in Fighting
  6656 | D:9      | Reached skill level 5 in Evocations
  6787 | D:9      | Reached *** piety under Wu Jian
  6926 | D:9      | Found a runed translucent gate.
  6927 | D:9      | Found a runed translucent gate.
  6927 | D:9      | Found a runed translucent gate.
  6929 | D:9      | Noticed Mll's ghost (journeyman GrFi)
  7250 | D:9      | Found a staircase to the Orcish Mines.
  7257 | D:9      | Noticed a two-headed ogre
  7569 | D:9      | Killed a two-headed ogre
  7629 | D:9      | Reached XP level 11. HP: 100/104 MP: 11/11
  7779 | D:10     | Entered Level 10 of the Dungeon
  8000 | D:10     | Noticed a two-headed ogre
  8009 | D:10     | Killed a two-headed ogre
  8027 | D:10     | Noticed Urug
  8029 | D:10     | Killed Urug
  8409 | D:10     | Found a staircase to the Lair.
  8985 | D:10     | Found a viscous altar of Jiyva.
  9314 | D:11     | Identified 2 scrolls of acquirement
  9314 | D:11     | Acquired a manual of Axes
  9316 | D:11     | Acquired a +1 broad axe of freezing
  9569 | D:11     | Reached **** piety under Wu Jian
  9599 | D:11     | Found a transporter.
  9600 | D:11     | Found a bloodstained altar of Trog.
  9602 | D:11     | Noticed DEFE's ghost (journeyman DjWn)
  9607 | D:11     | Found a transporter.
  9612 | D:11     | Noticed a tengu warrior
  9612 | D:11     | Noticed a two-headed ogre
  9687 | D:11     | Noticed a two-headed ogre
  9698 | D:11     | Killed a two-headed ogre
  9699 | D:11     | Reached skill level 15 in Axes
  9765 | D:11     | Noticed a moth of wrath
 10001 | D:11     | Noticed a cyclops
 10009 | D:11     | Killed a cyclops
 10194 | D:11     | Reached XP level 12. HP: 116/116 MP: 12/12
 10368 | D:11     | Acquired the +1 pair of boots of Udoymov {rPois rC+ Regen+
                  | Int+3}
 10446 | D:11     | Noticed a two-headed ogre
 10472 | D:12     | Found Kiac's Weapon Shop.
 10514 | D:12     | Found a gate leading to a gauntlet.
 10521 | Gauntlet | Entered a Gauntlet
 10521 | Gauntlet | Found a transporter.
 10521 | Gauntlet | Found a transporter.
 10526 | Gauntlet | Found a transporter.
 10541 | Gauntlet | Found a transporter.
 10559 | Gauntlet | Found a transporter.
 10571 | Gauntlet | Found a transporter.
 10652 | Gauntlet | Found a transporter.
 10652 | Gauntlet | Found a transporter.
 10666 | Gauntlet | Found a transporter.
 10671 | Gauntlet | Noticed a dire elephant
 10672 | Gauntlet | Found a transporter.
 10672 | Gauntlet | Found a transporter.
 10676 | Gauntlet | Found a transporter.
 10734 | Gauntlet | Found a transporter.
 10748 | Gauntlet | Found a transporter.
 10761 | Gauntlet | Noticed a catoblepas
 10774 | Gauntlet | Found a transporter.
 11088 | Gauntlet | Killed a dire elephant
 11164 | Gauntlet | Identified the +1 rapier of the Hall of Blades {flame, rN+}
 11164 | Gauntlet | Noticed a minotaur
 11177 | Gauntlet | Killed a minotaur
 11196 | Gauntlet | Identified the +1 scale mail of Beogh's Approval {Int+5}
 11196 | Gauntlet | Identified the staff of Esoytz {*Slow Will+ Conj Fire}
 11462 | D:12     | Reached skill level 15 in Fighting
 11519 | D:12     | Noticed a boulder beetle
 11536 | D:12     | Killed a boulder beetle
 11970 | Orc:1    | Entered Level 1 of the Orcish Mines
 11970 | Orc:1    | Noticed Josephine
 11984 | Orc:1    | Killed Josephine
 12065 | Orc:2    | Entered Level 2 of the Orcish Mines
 12114 | Orc:2    | Noticed an orc high priest
 12118 | Orc:2    | Reached XP level 13. HP: 100/128 MP: 13/13
 12306 | Orc:2    | Reached skill level 10 in Armour
 12554 | Orc:2    | Found a roughly hewn altar of Beogh.
 12569 | Orc:2    | Noticed an orc warlord
 12580 | Orc:2    | Killed an orc warlord
 12609 | Orc:2    | Found Vaucej's General Store.
 12649 | Orc:2    | Found Loiw's Antique Armour Shoppe.
 12695 | Orc:2    | Found Murphafuw's Antique Weapon Shoppe.
 12712 | Orc:2    | Found Jyer's Jewellery Shoppe.
 12825 | Orc:2    | Found a staircase to the Elven Halls.
 13141 | Orc:2    | Reached ***** piety under Wu Jian
 13189 | Orc:2    | Found a roughly hewn altar of Beogh.
 13711 | Orc:1    | Found Mieqaiqi's Magic Scroll Emporium.
 13714 | Orc:1    | Bought a scroll of teleportation for 51 gold pieces
 13714 | Orc:1    | Bought 3 scrolls of revelation for 382 gold pieces
 13714 | Orc:1    | Bought a scroll of summoning for 161 gold pieces
 14217 | Lair:1   | Entered Level 1 of the Lair of Beasts
 14297 | Lair:1   | Reached XP level 14. HP: 141/141 MP: 14/14
 14839 | Lair:3   | Found a staircase to the Snake Pit.
 15090 | Lair:3   | Identified the +3 flail of Bopreqif {vamp, rF- rCorr Str+7
                  | SInv}
 15118 | Lair:3   | Noticed Nergalle
 15127 | Lair:3   | Killed Nergalle
 15753 | Lair:4   | Identified the +10 quarterstaff "Maivij" {venom, Str+5
                  | Int-4}
 16182 | Lair:5   | Entered Level 5 of the Lair of Beasts
 16412 | Lair:5   | Reached XP level 15. HP: 155/155 MP: 15/15
 16563 | Lair:5   | Reached skill level 15 in Armour
 16712 | Lair:5   | Found a viscous altar of Jiyva.
 16712 | Lair:5   | Found a staircase to the Slime Pits.
 16735 | Lair:5   | Reached ****** piety under Wu Jian
 16803 | Lair:5   | Got an earthy gem with 1221 turns to spare
 17485 | Lair:3   | Noticed Fannar
 17507 | Lair:3   | Killed Fannar
 18157 | Lair:2   | Found a staircase to the Swamp.
 19711 | Swamp:1  | Entered Level 1 of the Swamp
 20872 | Swamp:2  | Noticed a fenstrider witch
 20875 | Swamp:2  | Killed a fenstrider witch
 21038 | Swamp:4  | Entered Level 4 of the Swamp
 21122 | Swamp:3  | Reached XP level 16. HP: 96/167 MP: 16/16
 21527 | Swamp:4  | Noticed a thorn hunter
 21688 | Swamp:4  | Reached skill level 10 in Shields
 21701 | Swamp:4  | Killed a thorn hunter
 21987 | Swamp:4  | Got a decaying rune of Zot
 22067 | Swamp:4  | Identified the +6 scale mail of the Lonely Artisans {rPois
                  | rCorr Stlth+}
 22288 | Swamp:3  | Reached skill level 1 in Dodging
 22542 | Swamp:3  | Noticed a tentacled monstrosity
 22555 | Swamp:3  | Killed a tentacled monstrosity
 23738 | D:13     | Noticed Kirke
 23746 | D:13     | Killed Kirke
 24041 | D:13     | Reached XP level 17. HP: 170/178 MP: 17/17
 24079 | D:13     | Found a gate to the Vaults.
 24170 | D:13     | Found a roughly hewn altar of Beogh.
 24586 | D:14     | Identified the serpent talisman of the Morning {rN+}
 24695 | D:14     | Got the Meditations on Blasts and Black Deeds
 24753 | D:14     | Found a radiant altar of Vehumet.
 25417 | D:15     | Entered Level 15 of the Dungeon
 25582 | D:15     | Reached skill level 5 in Dodging
 26190 | D:15     | Found a staircase to the Depths.
 26803 | Snake:1  | Entered Level 1 of the Snake Pit
 27177 | Snake:3  | Found Seimes's Antique Armour Shoppe.
 27183 | Snake:3  | Bought a glowing helmet for 217 gold pieces
 27195 | Snake:3  | Found Porojoim's Antique Armour Emporium.
 27418 | Snake:3  | Reached XP level 18. HP: 140/190 MP: 18/18
 27566 | Snake:4  | Entered Level 4 of the Snake Pit
 28497 | Snake:4  | Reached skill level 15 in Shields
 28664 | Snake:4  | Got a jade gem with 597 turns to spare
 28666 | Snake:4  | Got a serpentine rune of Zot
 29781 | Snake:2  | Reached XP level 19. HP: 193/200 MP: 19/19
 30484 | Snake:1  | Identified the serpent talisman of the Hidden Vale {+Blink
                  | Str+4 Dex-2 Stlth+}
 30484 | Snake:1  | Noticed Aizul
 30493 | Snake:1  | Killed Aizul
 30996 | Vaults:1 | Entered Level 1 of the Vaults
 31036 | Vaults:1 | Reached skill level 1 in Shapeshifting
 31699 | Vaults:1 | Paralysed by a formless jellyfish for 1 turns
 31755 | Vaults:1 | Reached skill level 5 in Shapeshifting
 32470 | Vaults:2 | Noticed Xtahua
 32497 | Vaults:2 | Killed Xtahua
 32776 | Vaults:2 | Found Xikhowk's Jewellery Shoppe.
 32776 | Vaults:2 | Found Niuz's Antique Armour Shoppe.
 32865 | Vaults:2 | Reached XP level 20. HP: 132/209 MP: 20/20
 33097 | Vaults:2 | Identified the +1 chain mail "Tiekk" {rPois Int+3}
 33225 | Vaults:2 | You fall into a shaft and drop 1 floor!
 33287 | Vaults:3 | Reached skill level 10 in Shapeshifting
 33419 | Vaults:3 | Found Eberutusch's Magic Scroll Shop.
 33503 | Vaults:2 | Found Vyczaijo's Distillery.
 33701 | Vaults:2 | Identified the +2 chain mail of Hedging {MP+9}
 34686 | Vaults:3 | Found a staircase to the Crypt.
 35539 | Vaults:4 | Paralysed by a sphinx for 2 turns
 35750 | Vaults:4 | Noticed Zenata
 35755 | Vaults:4 | Killed Zenata
 36153 | Vaults:4 | Reached XP level 21. HP: 164/216 MP: 21/21
 36912 | Depths:1 | Entered Level 1 of the Depths
 36914 | Depths:1 | Found an opulent altar of Gozag.
 36916 | Depths:1 | Found Gozag's Platinum Reserve.
 37364 | Depths:1 | Found a one-way gateway to a ziggurat.
 37606 | Depths:1 | Reached skill level 15 in Shapeshifting
 38073 | Depths:1 | Found a gateway to Hell.
 38077 | Depths:1 | Identified the staff "Hellblazer" {rF+ rN+ Fire}
 38184 | Depths:1 | Found a one-way gate to the infinite horrors of the Abyss.
 38571 | Depths:2 | Found a shimmering blue altar of Sif Muna.
 38704 | Abyss:3  | Cast into level 3 of the Abyss (an occultist)
 38758 | Abyss:3  | Found a corrupted altar of Lugonu.
 39113 | Abyss:3  | Found a corrupted altar of Lugonu.
 39166 | Depths:2 | Escaped the Abyss
 39431 | Depths:2 | Reached XP level 22. HP: 224/224 MP: 22/22
 40249 | D:3      | Bought the +18 shield of the Gong {Loud rN+ Will+ rCorr
                  | EV-5} for 2397 gold pieces
 40249 | D:3      | Found the +18 shield of the Gong {Loud rN+ Will+ rCorr
                  | EV-5}
 40344 | D:5      | Killed Mll's ghost
 40438 | D:6      | Found a glowing golden altar of the Shining One.
 40472 | D:6      | Noticed Sigmund
 40475 | D:6      | Killed Sigmund
 40484 | D:6      | Noticed Pikel
 40488 | D:6      | Killed Pikel
 40589 | D:6      | Killed Grinder
 40830 | D:9      | Killed Mll's ghost
 40939 | D:11     | Killed DEFE's ghost
 41492 | Depths:2 | Found a one-way gate leading to the halls of Pandemonium.
 42193 | Depths:3 | Identified the +6 rapier "Sakki" {heavy, *Corrode rPois
                  | MP+9}
 42274 | Depths:3 | Noticed the Enchantress
 42299 | Depths:3 | Killed the Enchantress
 43092 | Depths:3 | Found a bloodstained altar of Trog.
 43950 | Depths:4 | Entered Level 4 of the Depths
 43950 | Depths:4 | Found Kaifa's Assorted Antiques.
 44009 | Depths:4 | Paralysed by a vampire knight for 3 turns
 45247 | Depths:4 | Reached XP level 23. HP: 217/232 MP: 23/23
 45357 | Depths:4 | Found a gate to the Realm of Zot.
 45828 | Slime:1  | Entered Level 1 of the Pits of Slime
 46403 | Orc:2    | Bought a glowing cloak for 202 gold pieces
 46938 | Slime:5  | Entered Level 5 of the Pits of Slime
 46938 | Slime:5  | Found the dreamshard necklace {Acrobat *Dream}
 46939 | Slime:5  | Found a viscous altar of Jiyva.
 46999 | Slime:5  | Gained mutation: Armour fits poorly on your strangely
                  | shaped body. [a shining eye]
 47052 | Slime:5  | Noticed the Royal Jelly
 47114 | Slime:5  | Killed the Royal Jelly
 47179 | Slime:5  | Identified the +0 pair of gloves "Xam Vor" {*Corrode rPois
                  | SInv Stlth+}
 47197 | Slime:5  | Identified the ring "Xohy" {Int+6 Dex+2 SInv Stlth+}
 47199 | Slime:5  | Got a starry gem with 26 turns to spare
 47200 | Slime:5  | Identified the +7 battleaxe of Change {antimagic, rPois
                  | rC+}
 47215 | Slime:5  | Identified the +0 leather armour of the Garden {rPois rC+++
                  | Int+2 Dex-4}
 47231 | Slime:5  | Identified the +1 chain mail of Gravity {Dex+3}
 47237 | Slime:5  | Identified the +5 arbalest of the Grave {penet, Str+3}
 47248 | Slime:5  | Identified the +4 short sword of Jybennob {flame, SInv}
 47255 | Slime:5  | Identified the +11 falchion "Xom's Malicious Joy" {drain,
                  | rC+ rN+ rCorr Str+3}
 47258 | Slime:5  | Got the Catalogue of Combustion
 47292 | Slime:5  | Identified the ring of Activism {Fly Dex+4}
 47308 | Slime:5  | Got a slimy rune of Zot
 47727 | Elf:1    | Entered Level 1 of the Elven Halls
 47752 | Elf:1    | Paralysed by an air elemental for 1 turns
 47754 | Elf:1    | Paralysed by an air elemental for 1 turns
 47758 | Elf:1    | Paralysed by an air elemental for 1 turns
 47760 | Elf:1    | Paralysed by an air elemental for 1 turns
 48461 | Elf:2    | Reached XP level 24. HP: 148/240 MP: 23/23
 48584 | Elf:2    | Found Xowoweebro's Book Boutique.
 48677 | Elf:2    | Found a runed translucent gate.
 48700 | Elf:2    | Paralysed by an air elemental for 1 turns
 48742 | Elf:2    | Found a runed translucent gate.
 48743 | Elf:2    | Found a runed translucent gate.
 48917 | Elf:3    | Entered Level 3 of the Elven Halls
 48967 | Elf:3    | Paralysed by an air elemental for 1 turns
 48969 | Elf:3    | Paralysed by an air elemental for 1 turns
 49334 | Elf:3    | Identified the +11 morningstar of the Many Songs {heavy,
                  | rElec Will+ Dex+3}
 49435 | Elf:3    | Identified the ring "Vakaog" {Wiz Will+ Str-3 Slay+2}
 49437 | Elf:3    | Identified the +6 war axe of Absolution {flame, rC+}
 49553 | Elf:3    | Got the Writings on Chilblains and the Comitatus
 49580 | Elf:3    | Identified the +5 spear "Vipigro" {heavy, *Rage rF+ rN++
                  | SInv}
 49640 | Elf:3    | Identified the +1 robe of Seoghirph {rElec rPois Str+2}
 49676 | Elf:3    | Identified the staff of Causality {rPois rN+ Will+ rCorr
                  | Int-4 Alchemy}
 49700 | Elf:3    | Identified the +7 hand axe "Vuefing" {heavy, Will+ Str-2
                  | Dex+3}
 50403 | Elf:2    | Identified the +0 ring mail "Qaofah" {rPois Will- Str+3}
 51354 | Crypt:1  | Entered Level 1 of the Crypt
 52508 | Crypt:1  | Reached skill level 1 in Spellcasting
 52660 | Crypt:1  | Found the +8 pair of quick blades "Gyre" and "Gimble"
                  | {protect}
 52688 | Crypt:3  | Entered Level 3 of the Crypt
 52851 | Crypt:3  | Noticed an ancient lich
 52856 | Crypt:3  | Killed an ancient lich
 52880 | Crypt:3  | Found a basalt altar of Yredelemnul.
 52897 | Crypt:3  | Got an ivory gem with 1346 turns to spare
 52984 | Crypt:3  | Reached XP level 25. HP: 250/250 MP: 27/27
 53062 | Crypt:3  | Learned a level 1 spell: Apportation
 53244 | Crypt:3  | Found a staircase to the Tomb.
 53540 | Crypt:2  | Reached skill level 1 in Translocations
 54562 | Crypt:1  | Found a runed translucent gate.
 54562 | Crypt:1  | Found a runed translucent gate.
 54562 | Crypt:1  | Found a runed translucent gate.
 54562 | Crypt:1  | Noticed Wyquac's ghost (adept OpEE)
 54603 | Crypt:1  | Killed Wyquac's ghost
 54903 | Vaults:4 | Acquired 675 gold pieces
 54941 | Vaults:5 | Entered Level 5 of the Vaults
 55026 | Vaults:5 | Noticed a dread lich
 55031 | Vaults:5 | Killed a dread lich
 55070 | Vaults:5 | Identified the staff of Slow Death {rElec rCorr Str+3 Dex-5
                  | Air}
 55098 | Vaults:5 | Identified the amulet of Ciegaurghi {RegenMP Int+3}
 55110 | Vaults:5 | Reached skill level 10 in Dodging
 55137 | Vaults:5 | Reached XP level 26. HP: 260/260 MP: 28/28
 55309 | Vaults:5 | Got a silver rune of Zot
 55833 | Vaults:5 | Identified the ring of Fosaok {rF+ rCorr Str+5 Int-5 Dex-2}
 56039 | Vaults:5 | Identified the +0 buckler of the Vestibule of Hell {rC++
                  | Will+ SInv Stlth-}
 56058 | Vaults:5 | Identified the +1 demon whip "Wihuagg" {freeze, rPois MP+9
                  | Dex+3}
 56062 | Vaults:5 | Identified the +5 glaive of Inference {venom, Int+3 SInv}
 56626 | Depths:1 | Voluntarily entered the Abyss.
 56650 | Abyss:3  | Learned a level 3 spell: Passwall
 56665 | Abyss:3  | Reached skill level 1 in Earth Magic
 56836 | Abyss:3  | Reached skill level 5 in Earth Magic
 56836 | Abyss:3  | Paralysed by accursed screaming for 1 turns
 56842 | Depths:1 | Escaped the Abyss
 56846 | Depths:1 | Voluntarily entered the Abyss.
 56888 | Abyss:3  | Reached skill level 1 in Stealth
 57011 | Abyss:3  | Found a corrupted altar of Lugonu.
 57038 | Depths:1 | Escaped the Abyss
 57042 | Depths:1 | Voluntarily entered the Abyss.
 57042 | Abyss:3  | Found a corrupted altar of Lugonu.
 57042 | Abyss:3  | Found a corrupted altar of Lugonu.
 57043 | Abyss:3  | Found a blossoming altar of Fedhas.
 57053 | Depths:1 | Escaped the Abyss
 57073 | Depths:1 | Voluntarily entered the Abyss.
 57075 | Abyss:3  | Found a corrupted altar of Lugonu.
 57259 | Abyss:3  | Noticed a dread lich
 57278 | Abyss:3  | Killed a dread lich
 57455 | Abyss:3  | Found a corrupted altar of Lugonu.
 57457 | Abyss:3  | Found a corrupted altar of Lugonu.
 57457 | Abyss:3  | Found a corrupted altar of Lugonu.
 57503 | Depths:1 | Escaped the Abyss
 57527 | Depths:1 | Voluntarily entered the Abyss.
 57541 | Abyss:3  | Reached skill level 5 in Stealth
 57593 | Depths:1 | Escaped the Abyss
 57612 | Depths:1 | Voluntarily entered the Abyss.
 57713 | Abyss:3  | Paralysed by accursed screaming for 1 turns
 57825 | Abyss:3  | Noticed an ancient lich
 57831 | Abyss:3  | Killed an ancient lich
 57836 | Depths:1 | Escaped the Abyss
 57842 | Depths:1 | Voluntarily entered the Abyss.
 57888 | Abyss:3  | Found a corrupted altar of Lugonu.
 57897 | Abyss:3  | Found a corrupted altar of Lugonu.
 57996 | Abyss:3  | Reached XP level 27. HP: 260/269 MP: 29/29
 58163 | Abyss:3  | Found a glowing golden altar of the Shining One.
 58163 | Abyss:3  | Noticed a juggernaut
 58170 | Abyss:3  | Killed a juggernaut
 58257 | Abyss:3  | Reached skill level 5 in Spellcasting
 58385 | Abyss:3  | Found a corrupted altar of Lugonu.
 58407 | Abyss:3  | Found a corrupted altar of Lugonu.
 58407 | Abyss:3  | Found a corrupted altar of Lugonu.
 58463 | Depths:1 | Escaped the Abyss
 58481 | Depths:1 | Voluntarily entered the Abyss.
 58547 | Abyss:3  | Paralysed by accursed screaming for 1 turns
 58757 | Depths:1 | Escaped the Abyss
 58777 | Depths:1 | Voluntarily entered the Abyss.
 59153 | Depths:1 | Escaped the Abyss
 59274 | Depths:1 | Voluntarily entered the Abyss.
 59274 | Abyss:3  | Found a corrupted altar of Lugonu.
 59303 | Abyss:3  | Found a corrupted altar of Lugonu.
 59336 | Depths:1 | Escaped the Abyss
 59360 | Depths:1 | Voluntarily entered the Abyss.
 59511 | Depths:1 | Escaped the Abyss
 59571 | Depths:1 | Voluntarily entered the Abyss.
 59726 | Abyss:4  | Found a corrupted altar of Lugonu.
 59746 | Abyss:4  | Got an abyssal rune of Zot
 59759 | Depths:1 | Escaped the Abyss
 60664 | Tomb:1   | Entered Level 1 of the Tomb of the Ancients
 60828 | Tomb:1   | Noticed a royal mummy
 60849 | Tomb:1   | Killed a royal mummy
 60931 | Tomb:1   | Learned a level 4 spell: Manifold Assault
 60936 | Tomb:1   | Learned a level 4 spell: Iskenderun's Mystic Blast
 60971 | Tomb:1   | Noticed a royal mummy
 60976 | Tomb:1   | Reached skill level 1 in Conjurations
 60999 | Tomb:1   | Killed a royal mummy
 61033 | Tomb:2   | Noticed a royal mummy
 61038 | Tomb:2   | Noticed a royal mummy
 61039 | Tomb:2   | Noticed a royal mummy
 61039 | Tomb:2   | Noticed a royal mummy
 61052 | Tomb:2   | Killed a royal mummy
 61068 | Tomb:2   | Killed a royal mummy
 61070 | Tomb:2   | Killed a royal mummy
 61078 | Tomb:2   | Killed a royal mummy
 61147 | Tomb:1   | Noticed a royal mummy
 61153 | Tomb:1   | Noticed a royal mummy
 61153 | Tomb:1   | Noticed a royal mummy
 61166 | Tomb:1   | Killed a royal mummy
 61167 | Tomb:1   | Killed a royal mummy
 61170 | Tomb:1   | Noticed a royal mummy
 61176 | Tomb:1   | Killed a royal mummy
 61178 | Tomb:1   | Killed a royal mummy
 61182 | Tomb:1   | Noticed a royal mummy
 61188 | Tomb:1   | Killed a royal mummy
 61255 | Tomb:1   | Noticed a royal mummy
 61270 | Tomb:1   | Noticed a royal mummy
 61271 | Tomb:1   | Killed a royal mummy
 61277 | Tomb:1   | Noticed a royal mummy
 61284 | Tomb:1   | Killed a royal mummy
 61293 | Tomb:1   | Killed a royal mummy
 61410 | Tomb:1   | Noticed a royal mummy
 61410 | Tomb:1   | Noticed a royal mummy
 61417 | Tomb:1   | Noticed a royal mummy
 61420 | Tomb:1   | Noticed a royal mummy
 61437 | Tomb:1   | Killed a royal mummy
 61438 | Tomb:1   | Reached skill level 5 in Conjurations
 61450 | Tomb:1   | Noticed a royal mummy
 61459 | Tomb:1   | Noticed a royal mummy
 61461 | Tomb:1   | Killed a royal mummy
 61462 | Tomb:1   | Noticed a royal mummy
 61462 | Tomb:1   | Noticed a royal mummy
 61469 | Tomb:1   | Killed a royal mummy
 61470 | Tomb:1   | Reached skill level 5 in Translocations
 61474 | Tomb:1   | Noticed a royal mummy
 61474 | Tomb:1   | Killed a royal mummy
 61475 | Tomb:1   | Killed a royal mummy
 61482 | Tomb:1   | Killed a royal mummy
 61495 | Tomb:1   | Killed a royal mummy
 61496 | Tomb:1   | Killed a royal mummy
 61504 | Tomb:1   | Killed a royal mummy
 61751 | Tomb:3   | Entered Level 3 of the Tomb of the Ancients
 61762 | Tomb:3   | Noticed a royal mummy
 61772 | Tomb:3   | Noticed a royal mummy
 61788 | Tomb:3   | Killed a royal mummy
 61796 | Tomb:3   | Noticed a royal mummy
 61807 | Tomb:3   | Killed a royal mummy
 61807 | Tomb:3   | Noticed a royal mummy
 61807 | Tomb:3   | Noticed a royal mummy
 61831 | Tomb:3   | Noticed a royal mummy
 61845 | Tomb:3   | Killed a royal mummy
 61852 | Tomb:3   | Got a sanguine gem with 557 turns to spare
 61869 | Tomb:3   | Got a golden rune of Zot
 61984 | Tomb:3   | Noticed a royal mummy
 61993 | Tomb:3   | Killed a royal mummy
 62006 | Tomb:3   | Killed a royal mummy
 62057 | Tomb:3   | Noticed a royal mummy
 62069 | Tomb:3   | Killed a royal mummy
 62074 | Tomb:3   | Killed a royal mummy
 62174 | Tomb:3   | Noticed a royal mummy
 62215 | Tomb:3   | Killed a royal mummy
 62479 | Tomb:3   | Killed a royal mummy
 62635 | Tomb:3   | Identified the dragon-blood talisman "Yhint" {rN+++ rCorr
                  | Dex-4 Slay-5}
 62747 | Tomb:3   | Identified the +8 arbalest of Efownu {freeze, +Blink rF+}
 62749 | Tomb:3   | Identified the amulet "Vesap" {Regen+ MP+9}
 62760 | Tomb:3   | Identified the +2 chain mail "Faaloc" {Str+3 Dex+3}
 62761 | Tomb:3   | Identified the +5 short sword "Buw Noff" {flame, rF++}
 62763 | Tomb:3   | Got the Directory of the Jinx and the Caves
 62765 | Tomb:3   | Identified the +0 plate armour of Hospitality {rC++}
 62772 | Tomb:3   | Identified the +2 robe "Sitraeto" {Regen+ Archmagi}
 62773 | Tomb:3   | Identified the amulet of Xom's Flight of Fancy {Reflect
                  | Str+3 Int+3 SH+5}
 62816 | Tomb:3   | Got the Elucidation of Vitriolic Summoning
 62830 | Tomb:3   | Identified the ring "Ygaidese" {^Drain Will+ Str+6 Int+5}
 62852 | Tomb:3   | Identified the staff of Okheigik {rElec Will+ Dex-5 Conj
                  | Ice}
 63770 | Hell     | Entered the Vestibule of Hell
 63770 | Hell     | Noticed Geryon
 63838 | Hell     | Killed Geryon
 63856 | Hell     | Found a gateway to the Iron City of Dis.
 63900 | Hell     | Found a gateway to the ashen valley of Gehenna.
 63998 | Hell     | Found a gateway to the decaying netherworld of Tartarus.
 64195 | Hell     | Found a gateway to the freezing wastes of Cocytus.
 64441 | Tar:1    | Entered Level 1 of Tartarus
 64792 | Tar:4    | Noticed an ancient lich
 64801 | Tar:4    | Killed an ancient lich
 64802 | Tar:4    | Reached skill level 10 in Spellcasting
 64813 | Tar:4    | Noticed a dread lich
 64813 | Tar:4    | Noticed an ancient lich
 64813 | Tar:4    | Noticed a dread lich
 64820 | Tar:4    | Killed an ancient lich
 64823 | Tar:4    | Killed a dread lich
 64830 | Tar:4    | Killed a dread lich
 64858 | Tar:6    | Noticed an ancient lich
 64858 | Tar:6    | Noticed an ancient lich
 64858 | Tar:6    | Noticed a dread lich
 64858 | Tar:6    | Noticed an ancient lich
 64858 | Tar:6    | Noticed an ancient lich
 64868 | Tar:6    | Killed an ancient lich
 64869 | Tar:6    | Reached skill level 10 in Translocations
 64869 | Tar:6    | Killed an ancient lich
 64906 | Tar:7    | Entered Level 7 of Tartarus
 65157 | Tar:7    | Identified the staff "Kurost" {rN+ rCorr Str-5 Necro Earth}
 65160 | Tar:7    | Identified the +0 pair of boots of a bazaar {rF+ rC+ rN+
                  | Str+3}
 65601 | Tar:7    | Noticed Ereshkigal
 65622 | Tar:7    | Killed Ereshkigal
 65640 | Tar:7    | Identified the +9 mace "Maociuwn" {heavy, +Blink rF+ rC++
                  | Dex-5}
 65648 | Tar:7    | Got a bone rune of Zot
 65652 | Tar:7    | Got the Directory of the Kinetic Flock
 65870 | Tar:7    | Learned a level 6 spell: Dispersal
 66912 | Pan      | Entered Pandemonium
 67081 | Pan      | Noticed Filiq the pandemonium lord
 67129 | Pan      | Killed Filiq the pandemonium lord
 68143 | Pan      | Noticed Tobit the pandemonium lord
 68168 | Pan      | Killed Tobit the pandemonium lord
 68211 | Pan      | Identified the staff "Hill Orc's Curse" {rC+ Dex+3 Necro
                  | Ice Earth}
 68231 | Pan      | Noticed Hociud the pandemonium lord
 68247 | Pan      | Killed Hociud the pandemonium lord
 68336 | Pan      | Acquired 484 gold pieces
 68339 | Depths:2 | Escaped Pandemonium
 68410 | Pan      | Entered Pandemonium
 68661 | Pan      | Entered the realm of Mnoleg.
 68765 | Pan      | Noticed Mnoleg
 68786 | Pan      | Killed Mnoleg
 68804 | Pan      | Got a glowing rune of Zot
 69031 | Pan      | Noticed Bisiti the pandemonium lord
 69101 | Pan      | Killed Bisiti the pandemonium lord
 69147 | Pan      | Found a runed translucent door.
 69162 | Pan      | Got a demonic rune of Zot
 69309 | Pan      | Entered the realm of Lom Lobon.
 69318 | Pan      | Reached skill level 1 in Maces & Flails
 69595 | Pan      | Reached skill level 5 in Maces & Flails
 69963 | Pan      | Noticed Lom Lobon
 69984 | Pan      | Killed Lom Lobon
 70016 | Pan      | Got a magical rune of Zot
 70221 | Pan      | Entered the realm of Cerebov.
 70343 | Pan      | Identified the +1 falchion of Hihac {venom, rN+ Str+3
                  | Int+3}
 70366 | Pan      | Got the Tome of Ice
 70478 | Pan      | Identified the ring "Areh" {MP+9 Str+3}
 70495 | Pan      | Found the +6 sword of Cerebov {flame}
 70495 | Pan      | Noticed Cerebov
 70511 | Pan      | Killed Cerebov
 70523 | Pan      | Got a fiery rune of Zot
 70632 | Pan      | Identified the +7 dagger of Vucauc {elec, rN+}
 70635 | Pan      | Identified the +6 rapier of the Traitor {drain, rPois}
 70673 | Pan      | Got the Volume of Shadowy Generation
 70677 | Pan      | Identified the +6 glaive of Darkness {heavy, rF++ rN+}
 70803 | Pan      | Found a glowing golden altar of the Shining One.
 70814 | Pan      | Noticed a seraph
 70822 | Pan      | Killed a seraph
 70868 | Pan      | Identified the staff "Rulyuneusu" {rPois rN+ Stlth+ Earth}
 70872 | Pan      | Identified the orb of the Moon Troll {*channel, rN+ Slay+3
                  | Tloc}
 70873 | Pan      | Identified the +4 halberd "Roro" {protect, rElec Str-4
                  | Int+4 Dex+4}
 71041 | Pan      | Identified the +4 plate armour of the Game of Kings {SInv}
 71114 | Pan      | Identified the +7 tower shield of Integrity {rPois}
 71122 | Pan      | Identified the +7 tower shield "Hero's Friend" {-Tele rElec
                  | Str+3 Int+6}
 71851 | Pan      | Identified the +6 tower shield of Theory {^Contam Dex+3}
 72080 | Pan      | Found a glowing silver altar of Zin.
 72990 | Pan      | Identified the +1 tower shield of the Hills {rC+}
 73016 | Pan      | Reached skill level 10 in Evocations
 73530 | Pan      | Found a white marble altar of Elyvilon.
 74112 | Depths:2 | Escaped Pandemonium
 75068 | Snake:3  | Bought a faintly humming scale mail for 261 gold pieces
 75068 | Snake:3  | Identified the +0 scale mail "Kotzarhi" {+Blink rElec SInv}
                  | (You bought it in a shop on level 3 of the Snake Pit)
 75080 | Snake:3  | Bought a runed plate armour for 754 gold pieces
 75515 | Pan      | Entered the realm of Gloorx Vloq.
 75515 | Pan      | Entered Pandemonium
 75692 | Pan      | Noticed Gloorx Vloq
 75709 | Pan      | Killed Gloorx Vloq
 75709 | Pan      | Reached skill level 15 in Dodging
 75725 | Pan      | Got a dark rune of Zot
 76157 | Pan      | Found an exit through the horrors of the Abyss.
 76276 | Pan      | Noticed Omosi the pandemonium lord
 76287 | Pan      | Killed Omosi the pandemonium lord
 76363 | Depths:2 | Escaped Pandemonium
 76464 | Coc:1    | Entered Level 1 of Cocytus
 76502 | Coc:2    | Noticed a dread lich
 76538 | Coc:2    | Killed a dread lich
 77619 | Coc:5    | Paralysed by a wendigo for 1 turns
 77766 | Coc:6    | Paralysed by a wendigo for 1 turns
 77861 | Coc:6    | Paralysed by a wendigo for 1 turns
 77871 | Coc:6    | Paralysed by a wendigo for 1 turns
 78030 | Coc:7    | Entered Level 7 of Cocytus
 78048 | Coc:7    | Paralysed by a wendigo for 1 turns
 78130 | Coc:7    | Paralysed by a wendigo for 1 turns
 78197 | Coc:7    | Reached skill level 15 in Evocations
 78281 | Coc:7    | Noticed Antaeus
 78329 | Coc:7    | Killed Antaeus
 78341 | Coc:7    | Learned a level 2 spell: Blink
 78344 | Coc:7    | Got an icy rune of Zot
 78346 | Coc:7    | Got the Collected Works on Assaults
 78356 | Coc:7    | Learned a level 4 spell: Passage of Golubria
 78380 | Coc:7    | Learned a level 4 spell: Vhi's Electric Charge
 78422 | Coc:7    | Identified the +2 robe "Yvibb" {rN+ rCorr}
 78629 | Coc:7    | Reached skill level 1 in Air Magic
 78748 | Coc:7    | Paralysed by a wendigo for 1 turns
 78816 | Coc:7    | Paralysed by a wendigo for 1 turns
 78937 | Zig:1    | Entered Level 1 of a ziggurat
 78960 | Zig:2    | Entered Level 2 of a ziggurat
 78963 | Zig:2    | Noticed Agruefar the pandemonium lord
 78984 | Zig:2    | Killed Agruefar the pandemonium lord
 78997 | Zig:3    | Entered Level 3 of a ziggurat
 79056 | Zig:4    | Entered Level 4 of a ziggurat
 79059 | Zig:4    | Found the +8 trishula "Condemnation" {holy, anguish, *Noise
                  | Fly rN+}
 79069 | Zig:4    | Identified the ring "Xekhad" {Wiz Will+ MP+9 Str+5}
 79091 | Zig:5    | Entered Level 5 of a ziggurat
 79095 | Zig:5    | Found the ring of the Mage {Wiz Archmagi}
 79096 | Zig:5    | Found the +3 Elemental Staff {ele, rElec rF+ rC+ AC+3}
 79120 | Zig:5    | Identified the +2 leather armour of Hide-and-Seek {Int+4
                  | SInv}
 79258 | Zig:6    | Entered Level 6 of a ziggurat
 79331 | Zig:7    | Entered Level 7 of a ziggurat
 79378 | Zig:7    | Identified the +0 short sword of Wonik {antimagic, Dex+5}
 79399 | Zig:8    | Entered Level 8 of a ziggurat
 79468 | Zig:8    | Reached skill level 5 in Fire Magic
 79551 | Zig:9    | Entered Level 9 of a ziggurat
 79596 | Zig:9    | Got the Codex of the Spellbinding Tesseract
 79604 | Zig:9    | Identified the +1 falchion of Moral Flaws {freeze, rC+ rN+}
 79621 | Zig:10   | Entered Level 10 of a ziggurat
 79632 | Zig:10   | Noticed a dread lich
 79645 | Zig:10   | Killed a dread lich
 79673 | Zig:10   | Identified the +5 bardiche "Fukova Asoa" {protect, +Blink
                  | Fly Int+6}
 79674 | Zig:10   | Identified the ring "Umubos" {rElec Str+5 Dex+6}
 79688 | Zig:11   | Entered Level 11 of a ziggurat
 79695 | Zig:11   | Noticed a dread lich
 79708 | Zig:11   | Reached skill level 10 in Fire Magic
 79713 | Zig:11   | Killed a dread lich
 79726 | Zig:11   | Identified the amulet "Zydergh" {Acrobat Dex+3}
 79736 | Zig:11   | Got the Elucidation of the Sky
 79742 | Zig:12   | Entered Level 12 of a ziggurat
 79749 | Zig:12   | Noticed an ancient lich
 79764 | Zig:12   | Killed an ancient lich
 79815 | Zig:12   | Identified the +0 scimitar of Immorality {flame, rF+ rC+
                  | Str-5 Int+3}
 79817 | Zig:12   | Reached skill level 15 in Fire Magic
 79818 | Zig:12   | Identified the +1 rapier of the Tent {freeze, rCorr Str+3
                  | Int-2}
 79825 | Zig:13   | Entered Level 13 of a ziggurat
 79859 | Zig:13   | Identified the +3 robe of the Eagle {^Contam rC+ Archmagi}
 79865 | Zig:13   | Identified the ring of Xint {rC+ Dex+3 Slay+2 SInv}
 79881 | Zig:13   | Identified the ring "Aczyemo" {rC+ rN+ Int+6}
 79886 | Zig:13   | Identified the ring "Zuokhly" {Str+6 Dex+2}
 79990 | Zig:14   | Entered Level 14 of a ziggurat
 80013 | Zig:14   | Noticed Ratuigut the pandemonium lord
 80038 | Zig:14   | Killed Ratuigut the pandemonium lord
 80200 | Zig:14   | Identified the +9 plate armour of Exzoin {rPois rN+ Str-5
                  | Int+3}
 80216 | Zig:14   | Learned a level 2 spell: Lesser Beckoning
 80225 | Zig:14   | Learned a level 8 spell: Ignition
 80234 | Zig:15   | Entered Level 15 of a ziggurat
 80290 | Zig:15   | Reached skill level 15 in Spellcasting
 80291 | Zig:15   | Identified the amulet of Qiylaura {Reflect -Cast Harm +Inv
                  | Slay+5 SH+5}
 80298 | Zig:15   | Identified the +5 sling "Vetamike" {heavy, Int+8}
 80301 | Zig:15   | Identified the +6 scale mail of the Battered Defenders
                  | {Harm *Corrode Regen+ Int+3}
 80342 | Zig:16   | Entered Level 16 of a ziggurat
 80553 | Zig:16   | Identified the ring "Lokhlisty" {Fire Int+3 SInv}
 80556 | Zig:16   | Identified the +8 double sword of Ajukkiz {freeze, Fly
                  | Will++ rCorr Dex+3}
 80557 | Zig:16   | Identified the +3 leather armour "Gaeleled" {rElec rF+}
 80559 | Zig:17   | Entered Level 17 of a ziggurat
 80620 | Zig:17   | Found the +10 tower shield of Ignorance {rN+ Int-4}
 80648 | Zig:17   | Got the Precepts of Sandy Transfiguration
 80745 | Zig:18   | Entered Level 18 of a ziggurat
 80751 | Zig:18   | Noticed Anibuu the pandemonium lord
 80758 | Zig:18   | Noticed Tedeiwix the pandemonium lord
 80759 | Zig:18   | Noticed Leosh the pandemonium lord
 80762 | Zig:18   | Noticed Itieska the pandemonium lord
 80762 | Zig:18   | Noticed Xikkes the pandemonium lord
 80762 | Zig:18   | Noticed Lita the pandemonium lord
 80762 | Zig:18   | Noticed Miviali the pandemonium lord
 80765 | Zig:18   | Killed Xikkes the pandemonium lord
 80765 | Zig:18   | Killed Anibuu the pandemonium lord
 80772 | Zig:18   | Noticed Byastrau the pandemonium lord
 80773 | Zig:18   | Killed Xuyceg the pandemonium lord
 80774 | Zig:18   | Killed Leosh the pandemonium lord
 80779 | Zig:18   | Killed Tedeiwix the pandemonium lord
 80781 | Zig:18   | Noticed Jirphef the pandemonium lord
 80781 | Zig:18   | Noticed Uggeo the pandemonium lord
 80781 | Zig:18   | Killed Itieska the pandemonium lord
 80781 | Zig:18   | Killed Lita the pandemonium lord
 80783 | Zig:18   | Killed Byastrau the pandemonium lord
 80791 | Zig:18   | Killed Uggeo the pandemonium lord
 80791 | Zig:18   | Killed Jirphef the pandemonium lord
 80793 | Zig:18   | Killed Miviali the pandemonium lord
 80810 | Zig:18   | Identified the ring "Kauwusch" {Fly rElec rPois Dex+3}
 80815 | Zig:18   | Identified the +0 dagger of Pestilence {freeze, rC- Int+5
                  | Dex+8}
 80847 | Zig:18   | Identified the +2 pair of boots of Joapynk {Harm *Slow
                  | rElec rPois}
 80853 | Zig:18   | Identified the +4 ring mail "Duvuq" {^Contam rF+ rN+ Str+7}
 80864 | Zig:19   | Entered Level 19 of a ziggurat
 80885 | Zig:19   | Noticed an ancient lich
 80901 | Zig:19   | Killed an ancient lich
 80980 | Zig:19   | Identified the +5 mace "Ofey" {heavy, Int-5 Dex+7}
 81091 | Zig:20   | Entered Level 20 of a ziggurat
 81101 | Zig:20   | Noticed an ancient lich
 81109 | Zig:20   | Noticed an ancient lich
 81112 | Zig:20   | Noticed an ancient lich
 81116 | Zig:20   | Killed an ancient lich
 81117 | Zig:20   | Noticed an ancient lich
 81124 | Zig:20   | Killed an ancient lich
 81126 | Zig:20   | Killed an ancient lich
 81139 | Zig:20   | Killed an ancient lich
 81217 | Zig:20   | Identified the +1 great sword of Forgiveness {antimagic,
                  | ^Contam rPois Will+ Str+3}
 81220 | Zig:20   | Identified the amulet "Jusutoet" {+Blink rN+ Regen+ MP+9}
 81228 | Zig:20   | Identified the +1 cloak of Sorcery {Regen+ Int+3 SInv}
 81273 | Zig:20   | Identified the staff of the Blushing Wolf {rElec Will+
                  | Str+4 Dex+5 Air}
 81275 | Zig:21   | Entered Level 21 of a ziggurat
 81297 | Zig:21   | Reached skill level 27 in Axes
 81298 | Zig:21   | Paralysed by a wendigo for 1 turns
 81319 | Zig:21   | Identified the +6 rapier of Premature Burial {speed, Str+5}
 81320 | Zig:21   | Identified the +6 acid dragon scales "Rian" {Fly rElec
                  | rCorr MP+9}
 81321 | Zig:21   | Identified the ring of Dishonesty {Fire rPois}
 81325 | Zig:21   | Identified the ring "Egiwog" {rC+ Dex+3 Slay+5}
 81335 | Zig:21   | Identified the amulet of Ireegiux {rC+ Regen+ Str+4 Slay+3}
 81342 | Zig:21   | Identified the +7 short sword "Xalagem" {drain, rElec}
 81436 | Zig:22   | Entered Level 22 of a ziggurat
 81445 | Zig:22   | Noticed Xagedi the pandemonium lord
 81450 | Zig:22   | Noticed Exojoh the pandemonium lord
 81450 | Zig:22   | Noticed Besugit the pandemonium lord
 81452 | Zig:22   | Noticed Omiwosoc the pandemonium lord
 81457 | Zig:22   | Noticed Xiowk the pandemonium lord
 81458 | Zig:22   | Noticed Deboh the pandemonium lord
 81458 | Zig:22   | Noticed Munithen the pandemonium lord
 81458 | Zig:22   | Noticed Dathramoy the pandemonium lord
 81458 | Zig:22   | Noticed Zoreot the pandemonium lord
 81458 | Zig:22   | Killed Besugit the pandemonium lord
 81459 | Zig:22   | Noticed Saosh the pandemonium lord
 81459 | Zig:22   | Killed Xagedi the pandemonium lord
 81466 | Zig:22   | Killed Exojoh the pandemonium lord
 81468 | Zig:22   | Killed Dathramoy the pandemonium lord
 81468 | Zig:22   | Killed Xiowk the pandemonium lord
 81470 | Zig:22   | Noticed Pacuihu the pandemonium lord
 81470 | Zig:22   | Noticed Esmyfumuto the pandemonium lord
 81471 | Zig:22   | Killed Omiwosoc the pandemonium lord
 81471 | Zig:22   | Killed Deboh the pandemonium lord
 81477 | Zig:22   | Killed Munithen the pandemonium lord
 81482 | Zig:22   | Killed Saosh the pandemonium lord
 81493 | Zig:22   | Killed Esmyfumuto the pandemonium lord
 81504 | Zig:22   | Killed Zoreot the pandemonium lord
 81508 | Zig:22   | Killed Pacuihu the pandemonium lord
 81535 | Zig:22   | Found the amulet of Vitality {RegenMP++ Regen++}
 81543 | Zig:22   | Identified the +1 pair of boots of Insurance {Dex+3}
 81546 | Zig:22   | Identified the ring of Biecloy {rElec Dex+6}
 81547 | Zig:22   | Identified the ring of Compassion {rPois Str+3}
 81548 | Zig:22   | Identified the ring "Juck" {rN+ Will+ Dex+2}
 81567 | Zig:22   | Identified the ring "Sitoh" {rElec rF- MP+9 Dex+6}
 81626 | Zig:22   | Identified the +0 spear "Buric" {heavy, +Blink rC+ SInv}
 81632 | Zig:22   | Acquired 1091 gold pieces
 81634 | Zig:22   | Acquired 1091 gold pieces
 81641 | Zig:23   | Entered Level 23 of a ziggurat
 81665 | Zig:23   | Noticed Kaimm the pandemonium lord
 81725 | Zig:23   | Killed Kaimm the pandemonium lord
 81815 | Zig:23   | Identified the amulet "Ibeoty Poxo" {Will- Regen+ Int+7
                  | Dex+3}
 81821 | Zig:23   | Identified the +1 leather armour of Quantum Leap {Harm
                  | Int-5 Dex+4 Slay+2}
 81822 | Zig:23   | Identified the ring of the Echidna {rN++ Will+ Str-5}
 81825 | Zig:23   | Identified the +6 glaive of Feruruown {freeze, +Blink rF+++
                  | Will+ Str-3}
 81839 | Zig:23   | Got the Book of the Mantle
 81842 | Zig:23   | Identified the ring of Wuit {rElec rF+ Will++ Str-3 Dex+2}
 81850 | Zig:23   | Got the Almanac of Septic Forces
 81851 | Zig:23   | Identified the staff of Vutuf {rPois Dex+2 Necro Tloc
                  | Alchemy}
 81854 | Zig:24   | Entered Level 24 of a ziggurat
 81871 | Zig:24   | Reached skill level 27 in Fighting
 81872 | Abyss:4  | Cast into level 4 of the Abyss (+3 long sword of
                  | distortion)
 81986 | Zig:24   | Escaped the Abyss
 82001 | Zig:24   | Reached skill level 15 in Translocations
 82026 | Zig:24   | Identified the +4 halberd "Zurudwin" {holy, Will+}
 82029 | Zig:24   | Identified the ring of Discretion {rN+ Str+2}
 82039 | Zig:24   | Identified the ring "Sylupleun" {*Slow +Blink Will+++ rCorr
                  | Int+6}
 82045 | Zig:24   | Identified the amulet of Ejusistro {Reflect rCorr SH+5}
 82065 | Zig:25   | Entered Level 25 of a ziggurat
 82098 | Zig:25   | Noticed Sint the pandemonium lord
 82138 | Zig:25   | Killed Sint the pandemonium lord
 82174 | Zig:25   | Identified the +6 sling "Goblinbane" {drain, Will++}
 82175 | Zig:25   | Identified the +0 great sword of Ywaply Hato {spect, rF++
                  | Stlth+}
 82190 | Zig:25   | Identified the +1 leather armour of Howling Wind {-Cast
                  | Rampage rElec Stlth+}
 82249 | Zig:25   | Identified the +8 spear of a sewer {flame, rC++ MP+9 Str+4
                  | Dex-4}
 82251 | Zig:25   | Identified the +4 chain mail "Diudenuh" {Str-3 Dex+9}
 82259 | Zig:25   | Learned a level 5 spell: Arcjolt
 82260 | Zig:26   | Entered Level 26 of a ziggurat
 82287 | Zig:26   | Identified the +7 tower shield of Bofi {rC- Str+4 Int+3
                  | Dex+2}
 82300 | Zig:26   | Identified the +5 buckler of Grand Contentment {Regen+}
 82321 | Zig:26   | Reached skill level 5 in Air Magic
 82333 | Zig:26   | Reached skill level 10 in Conjurations
 82387 | Zig:26   | Got the Directory of Glowing Unspeakable Acts
 82400 | Zig:26   | Identified the +3 ring mail of Disappointment {Rampage
                  | rPois Regen+ Dex+4}
 82403 | Zig:26   | Identified the ring of the Sturgeon {Ice rElec MP-9 Dex+3}
 82445 | Zig:26   | Identified the +7 dire flail "Wephus" {flame, rN+ Stlth+}
 82455 | Zig:27   | Entered Level 27 of a ziggurat
 82564 | Zig:27   | Identified the +0 scale mail of Uskayaw's Fury {rPois Str+3
                  | Dex-4}
 82587 | Zig:27   | Identified the amulet of Vodka {Acrobat +Blink Fly}
 82590 | Zig:27   | Identified the ring "Hounnaz" {Dex+6 SInv}
 82724 | Dis:1    | Entered Level 1 of the Iron City of Dis
 82903 | Dis:3    | Reached skill level 15 in Conjurations
 83193 | Dis:7    | Entered Level 7 of the Iron City of Dis
 83388 | Dis:7    | Noticed the Serpent of Hell
 83402 | Dis:7    | Killed the Serpent of Hell
 83469 | Dis:7    | Noticed Dispater
 83470 | Dis:7    | Noticed a juggernaut
 83477 | Dis:7    | Killed a juggernaut
 83501 | Dis:7    | Killed Dispater
 83527 | Dis:7    | Identified the staff of Execution {rC+ Dex+5 Ice}
 83546 | Dis:7    | Got an iron rune of Zot
 85206 | Geh:1    | Entered Level 1 of Gehenna
 85346 | Geh:2    | Noticed a dread lich
 85352 | Geh:2    | Killed a dread lich
 85744 | Geh:5    | Noticed a dread lich
 85754 | Geh:5    | Killed a dread lich
 85852 | Geh:7    | Entered Level 7 of Gehenna
 85859 | Geh:7    | Reached skill level 1 in Polearms
 86165 | Geh:7    | Reached skill level 5 in Polearms
 86500 | Geh:7    | Identified the +2 sling "Cith" {heavy, Int+2 Dex+3}
 86766 | Geh:7    | Found the +13 sceptre of Asmodeus
 86766 | Geh:7    | Noticed Asmodeus
 86780 | Geh:7    | Killed Asmodeus
 86866 | Geh:7    | Got an obsidian rune of Zot
 87286 | Zot:1    | Entered Level 1 of the Realm of Zot
 87289 | Zot:1    | Acquired the ring of Wevema {rElec rC+ Will+ Str+6 Dex+3}
 87315 | Zot:1    | Found the +4 dragonskin cloak
 87315 | Zot:1    | Noticed Tiamat
 87316 | Zot:1    | Reached skill level 1 in Summonings
 87354 | Zot:1    | Noticed Vv
 87372 | Zot:1    | Killed Vv
 87372 | Zot:1    | Killed Tiamat
 87522 | Zot:5    | Entered Level 5 of the Realm of Zot
 87629 | Zot:5    | Reached skill level 5 in Summonings
 87639 | Zot:5    | Got a prismatic gem with 675 turns to spare
 87660 | Zot:5    | Noticed an ancient lich
 87664 | Zot:5    | Noticed a dread lich
 87674 | Zot:5    | Killed a dread lich
 87676 | Zot:5    | Noticed an ancient lich
 87678 | Zot:5    | Noticed a dread lich
 87680 | Zot:5    | Reached skill level 27 in Armour
 87680 | Zot:5    | Killed an ancient lich
 87681 | Zot:5    | Reached skill level 27 in Shields
 87684 | Zot:5    | Killed a dread lich
 87684 | Zot:5    | Noticed an orb of fire
 87692 | Zot:5    | Killed an orb of fire
 87738 | Zot:5    | Noticed an orb of fire
 87741 | Zot:5    | Noticed an orb of fire
 87744 | Zot:5    | Killed an orb of fire
 87762 | Zot:5    | Noticed a dread lich
 87763 | Zot:5    | Killed an orb of fire
 87767 | Zot:5    | Killed a dread lich
 87770 | Zot:5    | Got the Orb of Zot
 87957 | Depths:4 | Reached skill level 10 in Summonings
 87965 | Depths:4 | Learned a level 7 spell: Spellforged Servitor
 88258 | D:11     | Noticed a seraph
 88279 | D:11     | Killed a seraph
 88564 | D:$      | Escaped with the Orb!

Illustrated notes

Levels and vault maps discovered:
D:1:      evilmike_arrival_plus, layout_basic, minmay_split_cup_small
D:2:      layout_loops_ring, shapermc_ecumenical_altar_mp_highgroup,
          grunt_decor_clamped, minmay_goblin_outpost, uniq_jessica
D:3:      layout_rooms, serial_shops, shop, grunt_ministairs_2
D:4:      layout_basic, nicolae_wu_jian_immortal_techniques,
          nicolae_shop_distant_corner_stores
D:5:      layout_gridville, gammafunk_ghost_arena, uniq_menkaure
D:6:      layout_rooms, zin_academy, lemuel_round_altar,
          chequers_serial_rivers_micro_d, nicolae_the_louvre, uniq_jeremiah,
          uniq_grinder, uniq_sigmund, uniq_pikel
D:7:      layout_loops_ring, minmay_temple_entry_wispy
D:8:      layout_cave_pods, okawaru_ov_weapons_minmay, kennysheep_little_box,
          serial_co_window_serial, co_window_paths_b, co_window_paths_b,
          co_window_paths_a, co_window_paths_a, co_window_of_opportunity_a,
          co_window_broadway_a, co_window_cross_4, co_window_corner_ca,
          co_window_cross_2, glass_columns_b
D:9:      layout_rooms, erik_orc_1, ebering_ghost_rock_garden,
          lemuel_flamethrower_1
D:10:     layout_loops_corners, dpeg_oklobed_lair, jiyva_altar_1, uniq_urug
D:11:     layout_basic, gammafunk_ghost_wrathful_warriors
D:12:     layout_loops_ring, serial_shops, nicolae_shop_bloodbath_and_beyond,
          gauntlet_entry_generic, portal_ice_cave_entry_pillars_1
D:13:     layout_roguey [special_room_orc], david_vaults_5, uniq_kirke
D:14:     layout_basic, nicolae_vehumet_radiance, minmay_radiant
D:15:     gammafunk_enter_depths_forms, layout_irregular_city,
          chequers_serial_rivers_large_a
Temple:   bh_familiar_temple
Lair:1:   layout_long_grid
Lair:2:   layout_layer_cave, palyth_hydra_swamp_entry, grunt_megastairs_1,
          lemuel_fruit_fields
Lair:3:   layout_cellular_growth, guppyfry_snake_entry_garden,
          serial_bayou_shore_a, uniq_fannar, uniq_nergalle
Lair:4:   layout_roguey
Lair:5:   minmay_lair_end_frog_pond, layout_cave_pods, slime_entry_1
Swamp:1:  layout_falls_marsh, nicolae_swamp_very_dense_foliage, swamp_pool_4
Swamp:2:  layout_basic_swamp, nicolae_swamp_orc_logging_accident,
          infiniplex_staircase_pool_2
Swamp:3:  layout_falls_marsh, nicolae_swamp_some_circles, swamp_pool_1_2,
          nicolae_swamp_feature_on_the_river_bank
Swamp:4:  swamp, layout_basic_swamp, infiniplex_staircase_pool
Snake:1:  layout_misc_corridors, serial_bayou_pond_e, grunt_megastairs_2,
          uniq_aizul
Snake:2:  layout_onion_interference, st_stairs_3
Snake:3:  layout_chambers, nicolae_twisty_statue_hallways, minmay_shoptagon
Snake:4:  snake_pit_salamanders_mu, layout_onion_interference
Slime:1:  layout_caves
Slime:2:  cheibrodos_slime_lost_civilization_2, layout_caves
Slime:3:  layout_caves, cheibrodos_slime_lost_civilization_7
Slime:4:  layout_caves
Slime:5:  slime_pit_nicolae_jellycorners
Orc:1:    layout_caves, serial_shops, nicolae_shop_rolled_up, uniq_josephine
Orc:2:    grunt_orc_cross, layout_caves, minmay_orc_temple_c
Elf:1:    layout_geoelf_octagon, minmay_elf_crystal_hexagon
Elf:2:    elven_hall_of_blades_hangedman_original [mumra_blade_entry_bloodbath],
          layout_gridlike, serial_shops, nicolae_book_shop_shelving
Elf:3:    minmay_elf_hall_spiked, layout_gridlike
Vaults:1: nicolae_vaults_offset_grid_hallway_1, grunt_vaults_twisty,
          nicolae_vaults_closet_pinwheel_5, v_misc_13, v_pattern_3,
          v_alt_pattern_2, nicolae_vaults_double_plus_1, v_misc_1,
          grunt_vaults_trifunnel, nicolae_vaults_little_squares_4,
          nicolae_vaults_asterisk, nicolae_vaults_tetromino_Z_1,
          nicolae_vaults_variable_pillar_hall, ontoclasm_vaults_ligature,
          vaults_room_pool, nicolae_vaults_circle_grid_b, layout_vaults_omnibox
Vaults:2: vaults_room_door_ring, hangedman_vaults_hard_town_square,
          nicolae_vaults_back_hallway, hangedman_vaults_maws,
          nicolae_vaults_tetromino_Z_2, nicolae_vaults_offset_grid_hallway_4,
          nicolae_vaults_storage_closets_2, vaults_room_semicircle, v_pattern_1,
          vaults_room_fours, nicolae_vaults_trapezoid_4,
          nicolae_vaults_door_testing_chamber, layout_vaults_ring, uniq_xtahua
Vaults:3: minmay_crypt_entry_simple_box, hangedman_vaults_cutoff, v_pattern_5,
          vaults_dpeg_doors, nicolae_vaults_mini_display_case,
          nicolae_vaults_little_squares_1, vaults_room_hallway,
          layout_vaults_omnigrid, serial_shops, nicolae_shop_window_shopping
Vaults:4: v_misc_4, v_misc_5, v_misc_12, ontoclasm_vaults_hangar,
          nicolae_vaults_alarming, vaults_mumra_lcd, vaults_room_door_ring,
          nicolae_vaults_two_Ls, serial_library_hellmonk_semicircle,
          vaults_room_stairs_pillars, nicolae_vaults_stepped_doors,
          layout_vaults_maze_snakey, uniq_zenata
Vaults:5
Crypt:1:  layout_misc_corridors, gammafunk_ghost_split,
          grunt_crypt_arrival_webbed
Crypt:2:  layout_misc_corridors, nicolae_crypt_lurching_hallway
Crypt:3:  cryptofortress_bobbens
Tomb:1
Tomb:2
Tomb:3
Depths:1: layout_gridlike, enter_ziggurat_a, lightli_too_deep, abyss_entry,
          nicolae_gozag_zags_fifth_avenue, kennysheep_generic_room_6
Depths:2: minmay_ornate_pinched, layout_honeycomb, rand_demon_pan_entry_9,
          nicolae_sif_muna_condensation, abyss_entry, hell_entry,
          lemuel_freeze_loot_1, minmay_staircase_windowed_small
Depths:3: spriggan_forest, abyss_entry, pan_entry, hell_entry
Depths:4: grunt_zot_entry_hairpin, layout_cave_pools, roderic_lattice_a,
          serial_shops, shop, abyss_entry, hell_entry
Hell
Dis:1:    layout_regular_city
Dis:2:    layout_subdivisions
Dis:3:    hangedman_iron_city_apartments
Dis:4:    layout_subdivisions
Dis:5:    layout_regular_city
Dis:6:    layout_regular_city, hangedman_dis_chains
Dis:7:    dis_st
Geh:1:    layout_gehenna_pools_basic
Geh:2:    layout_gehenna_lava_caves
Geh:3:    layout_gehenna_lava_caves
Geh:4:    layout_gehenna_lava_caves
Geh:5:    layout_gehenna_pools_triple
Geh:6:    layout_gehenna_lava_caves
Geh:7:    evilmike_geh
Coc:1:    layout_cocytus_water_paths
Coc:2:    layout_cocytus_water_paths
Coc:3:    layout_ice_bergs
Coc:4:    layout_ice_bergs
Coc:5:    layout_ice_bergs
Coc:6:    layout_cocytus_delve
Coc:7:    coc_grunt_cove [coc_grunt_cove_antaeus, coc_grunt_cove_fiend,
          coc_grunt_cove_fiend, coc_grunt_cove_fiend, coc_grunt_cove_fiend]
Tar:1:    layout_grid_maze
Tar:2:    layout_cathedral_of_symmetry
Tar:3:    layout_catacombs
Tar:4:    layout_grid_maze, nicolae_hells_leichenhalle
Tar:5:    layout_catacombs
Tar:6:    layout_grid_maze, nicolae_tar_liches_on_tour
Tar:7:    tar_minmay_river
Zot:1:    layout_onion, uniq_vv, uniq_tiamat
Zot:2:    layout_misc_corridors
Zot:3:    layout_basic, hangedman_zot_gyre, gammafunk_ghost_cemetery,
          st_large_dragon_hoard_3
Zot:4:    layout_gridlike, nrook_zot_tub, uniq_parghit
Zot:5:    layout_twisted_circle, hangedman_zot_decor_scrapings

Skill      XL: |  1  2  3  4  5  6  7  8  9 10 11 12 13 14 15 16 17 18 19 20 21 22 23 24 25 26 27 |
---------------+----------------------------------------------------------------------------------+-----
Axes           | 3 4 5 6 7 9 10 12 16 18 20 22 27 | 27.0
Fighting       | 4 5 6 8 9 11 13 15 17 19 21 22 23 24 25 26 27 | 27.0
Shields        | 4 5 6 7 8 9 11 13 15 17 18 19 27 | 27.0
Armour         | 4 5 9 12 14 16 17 18 19 27 | 27.0
Evocations     | 1 4 5 18 | 18.1
Dodging        | 3 6 8 10 11 21 | 21.1
Shapeshifting  | 8 13 16 19 21 23 | 23.0
Spellcasting   | 2 3 4 16 | 16.0
Translocations | 2 15 | 15.4
Earth Magic    | 5 7 |  7.0
Stealth        | 6 7 |  7.0
Conjurations   | 22 | 22.0
Maces & Flails | 7 |  7.6
Air Magic      | 8 |  8.0
Fire Magic     | 26 | 26.0
Polearms       | 8 |  8.5
Summonings     | 10 | 10.0

Action                     |  1- 3 |  4- 6 |  7- 9 | 10-12 | 13-15 | 16-18 | 19-21 | 22-24 | 25-27 || total
---------------------------+-------+-------+-------+-------+-------+-------+-------+-------+-------++-------
  Melee: War axe           |    62 |    84 |       |       |       |       |       |       |       ||   146
         Whip              |       |    85 |   242 |   350 |   168 |   211 |       |       |       ||  1056
         Broad axe         |       |       |       |   296 |  1120 |  1228 |  1625 |  2471 | 10803 || 17543
         Unarmed           |       |       |       |       |       |    32 |       |       |       ||    32
         Staff             |       |       |       |       |       |       |       |     9 |    46 ||    55
         Trishula          |       |       |       |       |       |       |       |       |   536 ||   536
         Morningstar       |       |       |       |       |       |       |       |       |   367 ||   367
  Throw: Dart              |       |     6 |    17 |    25 |    37 |     1 |     4 |     4 |     2 ||    96
         Throwing net      |       |     1 |       |       |       |       |       |       |       ||     1
         Javelin           |       |       |     2 |       |    11 |     9 |       |       |       ||    22
         Boomerang         |       |       |       |       |     4 |       |       |       |       ||     4
   Cast: Passwall          |       |       |       |       |       |       |       |       |    23 ||    23
         Manifold Assault  |       |       |       |       |       |       |       |       |   122 ||   122
         Ignition          |       |       |       |       |       |       |       |       |    54 ||    54
         Vhi's Electric Ch |       |       |       |       |       |       |       |       |    14 ||    14
         Iskenderun's Myst |       |       |       |       |       |       |       |       |     8 ||     8
         Passage of Golubr |       |       |       |       |       |       |       |       |     2 ||     2
         Arcjolt           |       |       |       |       |       |       |       |       |     2 ||     2
         Apportation       |       |       |       |       |       |       |       |       |     1 ||     1
         Spellforged Servi |       |       |       |       |       |       |       |       |     1 ||     1
 Invoke: Serpent's Lash    |       |       |       |     8 |    26 |    12 |    23 |    22 |    82 ||   173
         Heavenly Storm    |       |       |       |       |       |     1 |     1 |     2 |    26 ||    30
Ability: Lunge             |       |     3 |    29 |    60 |   123 |   117 |   129 |   184 |   803 ||  1448
         Whirlwind         |       |       |    39 |    93 |   304 |   294 |   272 |   677 |  4842 ||  6521
         Wall Jump         |       |       |       |     2 |     3 |     3 |     2 |     3 |    16 ||    29
         Begin Untransform |       |       |       |       |       |       |       |       |    14 ||    14
         Siphon Essence    |       |       |       |       |       |       |       |       |     2 ||     2
  Evoke: Wand              |       |       |     6 |     2 |     4 |     7 |     3 |    11 |    16 ||    49
         Lightning rod     |       |       |       |       |       |       |       |     7 |       ||     7
         Phantom mirror    |       |       |       |       |       |       |       |       |     6 ||     6
         Tin of tremorston |       |       |       |       |       |       |       |       |     6 ||     6
         Horn of Geryon    |       |       |       |       |       |       |       |       |     3 ||     3
         Sack of spiders   |       |       |       |       |       |       |       |       |     2 ||     2
    Use: Potion            |       |     1 |     6 |     2 |     1 |     2 |     4 |     2 |    26 ||    44
         Scroll            |       |     5 |     1 |     7 |    10 |     8 |     5 |     6 |    41 ||    83
   Stab: Paralysed         |       |       |     1 |       |       |       |       |       |       ||     1
         Sleeping          |       |       |       |       |       |     1 |       |       |     8 ||     9
         Confused          |       |       |       |       |       |     3 |       |       |       ||     3
         Invisible         |       |       |       |       |       |     1 |       |       |     3 ||     4
         Distracted        |       |       |       |       |       |       |       |       |    10 ||    10
         Petrifying        |       |       |       |       |       |       |       |       |     2 ||     2
         Petrified         |       |       |       |       |       |       |       |       |     2 ||     2
         Held in net/web   |       |       |       |       |       |       |       |       |     1 ||     1
 Armour: Scale mail        |    39 |   142 |    43 |       |       |   245 |       |       |       ||   469
         Skin              |       |       |    19 |       |       |     7 |       |       |   167 ||   193
         Chain mail        |       |       |    67 |    77 |       |       |       |       |       ||   144
         Plate armour      |       |       |       |   128 |   727 |   251 |       |       |  1037 ||  2143
         Ring mail         |       |       |       |   101 |       |       |       |       |       ||   101
         Fire dragon scale |       |       |       |       |       |   381 |   740 |   621 |   420 ||  2162
         Pearl dragon scal |       |       |       |       |       |       |       |       |   904 ||   904
  Dodge: Dodged            |    23 |   102 |   121 |   206 |   240 |   405 |   363 |   139 |  1372 ||  2971
  Block: Buckler           |    10 |    45 |    55 |   124 |   275 |   549 |       |       |       ||  1058
         Reflection        |       |       |       |       |     2 |    70 |    53 |    79 |   234 ||   438
         Other             |       |       |       |       |       |     2 |       |       |       ||     2
         Kite shield       |       |       |       |       |       |    40 |   924 |  1847 |  6511 ||  9322
         Tower shield      |       |       |       |       |       |       |       |       |  1962 ||  1962
   Form: Death             |       |       |       |       |       |       |       |     1 |    15 ||    16
         Statue            |       |       |       |       |       |       |       |       |     1 ||     1

Table legend: (Time is in decaauts)
 A = Elapsed time spent in this place.
 B = Non-inter-level travel time spent in this place.
 C = Inter-level travel time spent in this place.
 D = Time resting spent in this place.
 E = Time spent auto-exploring this place.
 F = Levels seen in this place.
 G = Mean time per level.
                   A        B        C        D        E       F      G
               +--------+--------+--------+--------+--------+-----+--------+
         Total |  88267 |  73696 |  14571 |   9248 |  28503 | 145 |  608.7 |
       Dungeon |  19844 |  14480 |   5364 |   1642 |   8796 |  15 | 1322.9 |
        Temple |      1 |      1 |      0 |      0 |      0 |   1 |    1.0 |
          Lair |   6960 |   5368 |   1592 |    262 |   3793 |   5 | 1392.0 |
         Swamp |   3750 |   3656 |     94 |    825 |   1543 |   4 |  937.5 |
     Snake Pit |   4377 |   3642 |    735 |    428 |   1614 |   4 | 1094.2 |
    Slime Pits |    806 |    749 |     57 |    100 |     30 |   5 |  161.2 |
  Orcish Mines |   2391 |   1905 |    486 |    225 |   1009 |   2 | 1195.5 |
   Elven Halls |   3399 |   3025 |    374 |    542 |   1200 |   3 | 1133.0 |
        Vaults |   8411 |   6759 |   1652 |    814 |   3496 |   5 | 1682.2 |
         Crypt |   2572 |   2204 |    368 |      0 |    928 |   3 |  857.3 |
          Tomb |   2808 |   2692 |    116 |    324 |    225 |   3 |  936.0 |
        Depths |   8888 |   6321 |   2567 |   1093 |   3004 |   4 | 2222.0 |
          Hell |   1133 |    853 |    280 |     93 |    343 |   1 | 1133.0 |
           Dis |    920 |    837 |     83 |     20 |     54 |   7 |  131.4 |
       Gehenna |   2534 |   2167 |    367 |    241 |    315 |   7 |  362.0 |
       Cocytus |   1661 |   1588 |     73 |    150 |     48 |   7 |  237.3 |
      Tartarus |   2219 |   1932 |    287 |     46 |    513 |   7 |  317.0 |
           Zot |    626 |    556 |     70 |      0 |      0 |   5 |  125.2 |
         Abyss |   3178 |   3178 |      0 |     80 |      0 |  15 |  211.9 |
   Pandemonium |   7646 |   7646 |      0 |   1191 |   1591 |  14 |  546.1 |
      Ziggurat |   3467 |   3467 |      0 |   1021 |      0 |  27 |  128.4 |
      Gauntlet |    669 |    669 |      0 |    149 |      0 |   1 |  669.0 |
               +--------+--------+--------+--------+--------+-----+--------+

Top non-repeatable levels by time:
 Abyss:3: 3038 daAuts
Depths:1: 2974 daAuts
    D:10: 2377 daAuts
Vaults:2: 2303 daAuts
Depths:2: 2178 daAuts
Depths:3: 2161 daAuts
    D:13: 2115 daAuts
    D:15: 2065 daAuts
    D:11: 1838 daAuts
Vaults:3: 1816 daAuts
   Orc:2: 1816 daAuts
  Lair:2: 1804 daAuts
   Tar:7: 1791 daAuts
Vaults:1: 1721 daAuts
   Geh:7: 1653 daAuts
